Cogmind - Beta 16.1 @@@ ROGUE MODE // 2026.01.25 @ 21:52:13 Player: Plexion Result: Escaped! Performance ------------- Evolutions (9) 4500 Regions Visited (35) 7000 Robots Destroyed (110) 550 Value Destroyed (3777) 3777 Prototype IDs (70) 1400 Alien Tech Used (3) 600 Bonus (32439) 32439 TOTAL SCORE: 50266 Bonus ------- Triggered High Security 500 High Alert Combat Kills 1165 Follower Combat Kills 20859 Hunted by Unchained 500 Aligned with FarCom 300 Met Data Miner 300 Met Imprinter 300 Destroyed Z-Imprinter 1000 Triggered Deep Caves Wall 500 Exposed GOLEM Chamber 500 Met Zhirov 300 Built Enhanced Grunts 300 Met R17 at Cetus 500 Found Hidden Lab 3000 Met R17 at Research 2000 Win 3000 Friendly Fire -2585 Cogmind --------- Core Integrity 1545/1600 Matter 800/800 Energy 667/670 System Corruption 6% Temperature Cool (0) Movement Rolling (165) Ox5 Location To Epsilon Eridani Parts ------- > --- POWER (4) -------- Heavy Antimatter Reactor Light Particle Reactor Reinforced Quantum Reactor > --- PROPULSION (6) --- Heavy Siege Treads Compact Wheel Compact Wheel Compact Wheel > --- UTILITY (10) ----- Advanced Cooling System Advanced Cooling System Huge Storage Unit Medium Matter Pod High-capacity Matter Pod High-capacity Matter Pod Centrium Medium Armor Plating Medium Regenerative Plating Graphene Brace Experimental EM Disruption Field > --- WEAPON (6) ------- Warp Cannon 1B-0RG's Assimilator > --- INVENTORY (25) --- Heavy Siege Treads Biometal Medium Treads Flying Fortress v7 Improved Diametric Drive Advanced Heat Sink Zionite Biocell (600) Improved Transmission Jammer Mobile Refinery Mk. CCLXVII Transdimensional Reconstructor Transdimensional Reconstructor Core Reset Matrix Compact HERF Cannon Enhanced Nova Cannon Enhanced Hardcell Cannon Enhanced Hardcell Cannon Enhanced Hardcell Cannon Enhanced Hardcell Cannon Advanced Remote Datajack Power Maul Peak State ------------ > --- POWER ------------ Heavy Antimatter Reactor Light Particle Reactor Light Particle Reactor Reinforced Quantum Reactor > --- PROPULSION ------- Heavy Siege Treads Heavy Siege Treads Heavy Siege Treads > --- UTILITY ---------- Advanced Cooling System Huge Storage Unit Medium Matter Pod High-capacity Matter Pod High-capacity Matter Pod Centrium Medium Armor Plating Centrium Medium Armor Plating Medium Regenerative Plating Graphene Brace Experimental EM Disruption Field > --- WEAPON ----------- Warp Cannon 1B-0RG's Assimilator > --- INVENTORY -------- Biometal Medium Treads Flying Fortress v7 Improved Diametric Drive Advanced Heat Sink Advanced Cooling System Zionite Biocell Improved Transmission Jammer Mobile Refinery Mk. CCLXVII GOLEM Unit Transdimensional Reconstructor Transdimensional Reconstructor Core Reset Matrix Compact HERF Cannon Enhanced Nova Cannon Enhanced Hardcell Cannon Enhanced Hardcell Cannon Enhanced Hardcell Cannon Enhanced Hardcell Cannon Advanced Remote Datajack Power Maul [Rating: 221] Favorites ----------- Power Light Ion Engine Engine Light Ion Engine Reactor Quantum Reactor Propulsion Armored Huge Wheel Treads Heavy Siege Treads Leg Advanced Myomer Leg Wheel Armored Huge Wheel Flight Unit Flying Fortress v7 Utility High-capacity Storage Unit Device Seismic Detector Storage High-capacity Storage Unit Processor Advanced Targeting Computer Hackware Quantum Router Protection Centrium Medium Armor Plating Weapon 1B-0RG's Assimilator Energy Gun Medium Laser Energy Cannon Warp Cannon Ballistic Gun Heavy Assault Rifle Ballistic Cannon Gauss Cannon Launcher Heavy Missile Launcher Special Weapon Advanced Remote Datajack Impact Weapon Power Maul Slashing Weapon Chainsword Piercing Weapon CR-A16's Pointy Stick Special Melee Weapon 1B-0RG's Assimilator Build | -11 -10 -10 -9 -9 -9 -8 -8 -7 -7 -7 -7 -7 -7 -7 -6 -6 -6 -6 -6 -5 -5 -5 -5 -5 -5 -4 -4 -4 -4 -3 -3 -3 -3 -2 -1 ------- Run | Yrd Mat Min Mat Min Exi Min Mat Fac Was Fac Low Low Zio Dee Pro Fac Low Low Dat Pro Fac Ext Cet Arc Hub Fac Upp Upp Zhi Pro Res Arm Lab Res Acc Slots Evolved 18 | . . . 2 . . . 2 2 . . . . . . . 2 . . . . 2 . . . . 2 . . . . 2 . . 2 2 Power 3 | . . . . . . . . . . . . . . . . . . . . . . . . . . . . . . . 1 . . 1 1 Propulsion 4 | . . . 1 . . . 1 . . . . . . . . . . . . . 1 . . . . 1 . . . . . . . . . Utility 7 | . . . 1 . . . . . . . . . . . . 1 . . . . 1 . . . . 1 . . . . 1 . . 1 1 Weapon 4 | . . . . . . . 1 2 . . . . . . . 1 . . . . . . . . . . . . . . . . . . . Parts Attached 145 | 7 3 . 10 3 4 2 5 9 2 5 4 2 2 11 1 10 2 2 . . 1 1 5 3 1 3 . . 5 . 14 8 7 4 9 Power 15 | 1 . . 1 1 . . . . . 2 . . . 1 . . . 1 . . . . 1 . . . . . . . 2 2 . 1 2 Engine 6 | 1 . . 1 1 . . . . . 2 . . . . . . . 1 . . . . . . . . . . . . . . . . . Core . | . . . . . . . . . . . . . . . . . . . . . . . . . . . . . . . . . . . . Reactor 9 | . . . . . . . . . . . . . . 1 . . . . . . . . 1 . . . . . . . 2 2 . 1 2 Propulsion 39 | 2 . . 3 . 2 1 1 . 1 . 2 1 . . . 2 1 . . . 1 1 . . . 1 . . 3 . 11 . 1 . 5 Treads 16 | 2 . . 3 . . 1 1 . . . 1 1 . . . . . . . . . . . . . . . . . . 6 . . . 1 Leg 3 | . . . . . . . . . . . . . . . . . . . . . . . . . . . . . 3 . . . . . . Wheel 18 | . . . . . 2 . . . . . 1 . . . . 2 1 . . . 1 1 . . . 1 . . . . 5 . . . 4 Hover . | . . . . . . . . . . . . . . . . . . . . . . . . . . . . . . . . . . . . Flight 2 | . . . . . . . . . 1 . . . . . . . . . . . . . . . . . . . . . . . 1 . . Utility 60 | 2 1 . 3 1 2 1 . 6 . 1 1 . 2 8 1 6 1 1 . . . . 3 2 1 2 . . 2 . 1 5 3 2 2 Device 20 | 1 . . . 1 . . . 2 . 1 . . 2 1 . . 1 . . . . . . 2 . 2 . . 1 . 1 4 . . 1 Storage 14 | 1 1 . 1 . 2 . . . . . . . . 2 1 2 . . . . . . . . . . . . . . . 1 . 2 1 Processor 3 | . . . . . . 1 . 1 . . . . . . . . . . . . . . . . . . . . . . . . 1 . . Hackware 5 | . . . . . . . . 1 . . . . . . . 2 . . . . . . . . 1 . . . . . . . 1 . . Protection 18 | . . . 2 . . . . 2 . . 1 . . 5 . 2 . 1 . . . . 3 . . . . . 1 . . . 1 . . Artifact . | . . . . . . . . . . . . . . . . . . . . . . . . . . . . . . . . . . . . Weapon 31 | 2 2 . 3 1 . . 4 3 1 2 1 1 . 2 . 2 . . . . . . 1 1 . . . . . . . 1 3 1 . Energy Gun 2 | 1 . . . . . . . . . . . . . . . . . . . . . . . . . . . . . . . . 1 . . Energy Cannon 5 | . . . . . . . . . . . . . . 1 . 1 . . . . . . 1 . . . . . . . . . 2 . . Ballistic Gun 4 | 1 2 . 1 . . . . . . . . . . . . . . . . . . . . . . . . . . . . . . . . Ballistic Cannon 8 | . . . 2 . . . 4 1 1 . . . . . . . . . . . . . . . . . . . . . . . . . . Launcher 3 | . . . . 1 . . . . . . 1 1 . . . . . . . . . . . . . . . . . . . . . . . Special Weapon 2 | . . . . . . . . . . . . . . . . . . . . . . . . . . . . . . . . 1 . 1 . Impact Weapon 3 | . . . . . . . . 1 . 1 . . . . . 1 . . . . . . . . . . . . . . . . . . . Slashing Weapon 1 | . . . . . . . . 1 . . . . . . . . . . . . . . . . . . . . . . . . . . . Piercing Weapon 1 | . . . . . . . . . . . . . . 1 . . . . . . . . . . . . . . . . . . . . . Special Melee Weapon 2 | . . . . . . . . . . 1 . . . . . . . . . . . . . 1 . . . . . . . . . . . Unidentified Prototypes 27 | . . . . . . . . . 1 1 . . 2 5 . . 1 . . . . . 1 . . . . . 4 . 1 5 6 . . Corrupted Parts 1 | . . . . . . . . . . . . . . . . . . . . . . . 1 . . . . . . . . . . . . System Corruption 6 | . . . . . . . . . . . . . . . . . . . . . . . 6 . . . . . . . . . . . . Parts Lost 22 | . . . 2 1 . . . . 7 . . . . 2 1 . . . . . . 1 1 . . 1 . . . . 1 . . . 5 Power 4 | . . . . 1 . . . . 1 . . . . . . . . . . . . . . . . . . . . . . . . . 2 Propulsion 9 | . . . 1 . . . . . 2 . . . . . 1 . . . . . . 1 . . . 1 . . . . 1 . . . 2 Utility 5 | . . . . . . . . . 1 . . . . 2 . . . . . . . . 1 . . . . . . . . . . . 1 Weapon 4 | . . . 1 . . . . . 3 . . . . . . . . . . . . . . . . . . . . . . . . . . Highest Loss Streak 5 | . . . 1 1 . . . . 5 . . . . 1 1 . . . . . . 1 1 . . 1 . . . . 1 . . . 2 To Critical Strikes . | . . . . . . . . . . . . . . . . . . . . . . . . . . . . . . . . . . . . Average Backups 14 | 2 7 10 13 19 20 21 21 17 17 14 12 13 13 14 14 13 13 14 14 14 14 13 14 14 14 14 14 13 14 14 13 13 13 14 18 Power . | . . 1 1 . . . . . . . 1 1 . . . . . . . . . . . . . . . . . . . . . . . Propulsion 2 | 1 2 2 3 7 7 6 5 4 4 2 1 2 2 . 2 1 2 2 2 2 2 2 2 2 2 2 2 2 2 2 2 2 . 1 3 Utility 7 | . . . 2 6 6 6 8 8 7 6 5 5 5 8 8 8 8 9 9 9 9 8 8 8 9 9 9 9 8 8 7 7 5 6 5 Weapon 4 | . 4 6 6 6 7 7 6 3 4 4 4 4 5 5 4 3 3 3 3 3 3 3 4 3 3 3 3 2 2 2 2 3 3 2 6 Tool/Special . | . . . . . . . . . . . . . . . . . . . . . . . . . . . . . . . . . . . . Unused Backups 44 | . 2 . . 1 . . 4 4 . 5 1 1 . 6 . 2 . 1 . . . . . . . 2 . . . . . . 2 2 11 Power . | . . . . . . . . . . . . . . . . . . . . . . . . . . . . . . . . . . . . Propulsion 11 | . . . . . . . 1 1 . 3 1 . . 1 . 1 . . . . . . . . . 2 . . . . . . . . 1 Utility 16 | . . . . . . . 1 2 . 1 . 1 . 5 . 1 . 1 . . . . . . . . . . . . . . . 2 2 Weapon 12 | . 2 . . 1 . . 2 1 . 1 . . . . . . . . . . . . . . . . . . . . . . . . 5 Tool/Special 5 | . . . . . . . . . . . . . . . . . . . . . . . . . . . . . . . . . 2 . 3 Average Slot Usage (%) 68 | . 99 96 93 99 100 100 98 99 81 32 46 59 61 62 57 64 62 58 56 56 52 58 63 65 66 66 65 65 68 75 76 67 32 69 71 Engine 4 | . 14 14 11 10 11 11 9 7 4 1 7 7 7 6 . . . . 6 6 5 5 2 . . . . . . . . . . . . Reactor 3 | . . . . . . . . . . . . . . . 7 6 6 5 . . . . 2 5 5 5 5 5 5 5 6 9 5 11 12 Treads 10 | . 28 28 32 33 19 11 18 15 10 . 3 13 15 15 11 1 . . . . . . . . . . . . . . 2 13 4 12 9 Wheel 8 | . . . . . 13 22 18 15 12 . 3 7 7 7 7 17 13 12 12 12 13 14 16 16 16 16 15 15 14 15 14 . . . 2 Device 7 | . 13 10 6 11 11 3 . . . 5 7 7 7 4 7 5 8 9 6 3 5 11 7 7 5 13 15 15 15 15 12 12 3 9 13 Storage 10 | . 14 14 11 11 11 11 9 7 7 7 7 7 7 10 7 12 14 12 12 14 11 11 11 12 16 14 14 15 15 15 13 13 5 10 13 Protection 6 | . . . 8 11 11 11 9 6 5 . 3 7 7 5 6 7 6 5 6 6 5 5 10 11 5 5 5 5 4 5 8 9 3 11 8 Ballistic Cannon 3 | . . . 11 15 22 22 25 29 24 3 . . . . . . . . . . . . . . . . . . . . . . . . . Impact Weapon 2 | . . . . . . . . . . 4 5 6 4 1 . 5 6 6 6 5 5 3 2 1 5 5 5 5 5 5 3 1 1 3 1 Special Melee Weapon 3 | . . . . . . . . . . . . . 2 4 7 6 6 6 6 6 5 5 5 6 5 5 5 5 5 5 4 4 1 4 3 Peak Build Rating 221 | 7 10 10 17 19 20 25 36 50 50 107 106 43 101 107 107 116 118 124 118 122 122 125 138 140 129 140 139 134 157 150 184 189 205 210 221 Average Rating 99 | 4 8 10 12 17 17 23 31 49 45 51 43 40 59 80 104 109 115 119 118 118 118 119 128 132 126 133 134 133 140 150 161 185 101 205 208 On Entrance 93 | . 7 10 10 17 17 20 25 36 50 48 51 37 41 96 107 103 107 118 118 118 118 119 119 137 129 126 134 134 134 150 150 184 189 193 203 Avg Prop Armor Cover (%) 10 | . . . . . 7 8 14 12 10 . 9 13 14 13 9 5 . . . . . . . . . . . . 4 4 4 . . . 8 Naked Turns . | . . . . . . . . . . . . . . . . . . . . . . . . . . . . . . . . . . . . Heaviest Build 260 | 14 32 32 62 63 102 102 114 128 124 56 57 67 106 128 113 124 124 136 136 139 136 137 150 144 141 137 137 137 137 137 169 182 171 234 260 Greatest Support 210 | 40 40 40 60 60 60 26 26 26 50 50 50 28 28 28 28 56 56 56 56 56 66 66 54 54 54 66 56 56 60 56 210 210 210 210 210 Greatest Overweight (x) 8 | . . . 1 1 3 3 4 4 8 1 2 2 3 4 4 4 4 2 2 2 2 3 2 2 2 2 2 2 2 2 4 . 1 1 7 Average Overweight (x) 1 | . . . . . 2 3 3 4 2 . . 1 1 2 3 2 2 2 2 2 2 2 2 2 2 2 2 2 2 2 2 . . . 1 Largest Inventory Capacity 25 | 8 15 15 20 20 25 25 25 25 25 20 20 20 20 20 20 20 20 20 20 20 20 20 20 20 20 20 20 20 20 20 20 20 20 25 25 Average Capacity 20 | 7 12 15 15 20 21 25 25 25 24 20 20 20 20 20 20 20 20 20 20 20 20 20 20 20 20 20 20 20 20 20 20 20 20 21 25 Most Carried 25 | 5 10 14 20 20 24 25 25 25 25 20 20 20 20 20 20 20 20 20 20 20 20 20 20 20 20 20 20 20 20 20 20 20 20 20 25 Average Carried 19 | 2 7 10 13 19 20 24 24 24 24 18 18 19 19 17 20 19 19 20 20 20 20 19 20 19 20 20 20 19 19 20 19 19 17 19 22 Final Capacity 25 | 8 15 15 20 20 25 25 25 25 20 20 20 20 20 20 20 20 20 20 20 20 20 20 20 20 20 20 20 20 20 20 20 20 20 25 25 Final Carried 25 | 4 9 14 20 20 24 24 25 25 20 16 20 20 19 20 20 20 20 20 20 20 20 20 20 20 20 20 20 20 20 20 20 20 20 20 23 Class Distribution -------------------- 57% | Mutant 9% | Derelict-Mutant 9% | Scavenger-Mutant 7% | Commander-Mutant 5% | Hacker-Mutant 5% | Skirmisher 3% | Generator-Mutant Dominant Class ---------------- Mutant | -10/Materials Mutant | -10/Mines Mutant | -9/Materials Mutant | -9/Mines Mutant | -9/Exiles Mutant | -8/Mines Skirmisher | -8/Materials Skirmisher | -7/Factory Skirmisher | -7/Waste Mutant | -7/Factory Mutant | -7/Lower Caves Mutant | -7/Lower Caves Mutant | -7/Zion Mutant | -7/Deep Caves Mutant | -6/Proximity Caves Mutant | -6/Factory Mutant | -6/Lower Caves Mutant | -6/Lower Caves Commander-Mutant | -6/Data Miner Mutant | -5/Proximity Caves Mutant | -5/Factory Mutant | -5/Extension Scavenger-Mutant | -5/Cetus Scavenger-Mutant | -5/Archives Commander-Mutant | -5/Hub_04(d) Commander-Mutant | -4/Factory Commander-Mutant | -4/Upper Caves Commander-Mutant | -4/Upper Caves Commander-Mutant | -4/Zhirov Commander-Mutant | -3/Proximity Caves Scavenger-Mutant | -3/Research Mutant | -3/Armory Mutant | -3/Lab Hacker-Mutant | -2/Research Generator-Mutant | -1/Access Resources | -11 -10 -10 -9 -9 -9 -8 -8 -7 -7 -7 -7 -7 -7 -7 -6 -6 -6 -6 -6 -5 -5 -5 -5 -5 -5 -4 -4 -4 -4 -3 -3 -3 -3 -2 -1 ----------- Run | Yrd Mat Min Mat Min Exi Min Mat Fac Was Fac Low Low Zio Dee Pro Fac Low Low Dat Pro Fac Ext Cet Arc Hub Fac Upp Upp Zhi Pro Res Arm Lab Res Acc Matter Collected 22073 | 237 85 63 416 72 . 163 98 218 . 532 471 329 66 7790 15 1263 164 40 . 652 30 25 110 697 11 217 455 22 . 113 718 915 456 2609 3021 Remotely 162 | . . . . . . . . 101 . . . 61 . . . . . . . . . . . . . . . . . . . . . . . Salvage Created 6027 | 48 105 17 527 9 . 161 110 171 . 372 206 67 . 1749 . 535 49 11 . . . . 48 115 . 96 . 37 . . 29 . 176 453 936 Parts 206 | 4 4 . 32 5 . 5 6 14 . 4 3 14 . 11 . 2 4 . . . . . 1 13 . 7 . . . . 2 . 2 24 49 Haulers Intercepted 4 | . . . 3 . . . . . . . . . . . . 1 . . . . . . . . . . . . . . . . . . . Recyclers Shooed 4 | . . . 1 . . . . 1 . 1 . . . . . . . . . . . . . . . . . . . . . . . 1 . Parts Field Recycled 28 | . . . . . . . . 17 . . . 11 . . . . . . . . . . . . . . . . . . . . . . . Retrieved Matter 457 | . . . . . . . . 308 . . . 149 . . . . . . . . . . . . . . . . . . . . . . . Parts Self-Destructed 119 | . . . . . . . . . . . 9 18 . . 31 . 15 7 . 31 . . . . . . 6 . . 2 . . . . . Prevented 2 | . . . . . . . . . . . . . . . 2 . . . . . . . . . . . . . . . . . . . . Parts Restored . | . . . . . . . . . . . . . . . . . . . . . . . . . . . . . . . . . . . . Kills | -11 -10 -10 -9 -9 -9 -8 -8 -7 -7 -7 -7 -7 -7 -7 -6 -6 -6 -6 -6 -5 -5 -5 -5 -5 -5 -4 -4 -4 -4 -3 -3 -3 -3 -2 -1 ------- Run | Yrd Mat Min Mat Min Exi Min Mat Fac Was Fac Low Low Zio Dee Pro Fac Low Low Dat Pro Fac Ext Cet Arc Hub Fac Upp Upp Zhi Pro Res Arm Lab Res Acc Combat Hostiles Destroyed 96 | . 2 . 12 3 . 2 3 5 . . 3 7 . 45 . . . . . . . . . . . 1 . . . . . . . 1 12 Melee 3 | . . . . . . . . . . . . . . 2 . . . . . . . . . . . 1 . . . . . . . . . Guns 8 | . 2 . 6 . . . . . . . . . . . . . . . . . . . . . . . . . . . . . . . . Cannons 25 | . . . 6 . . 2 3 5 . . 1 . . . . . . . . . . . . . . . . . . . . . . 1 7 AOE 52 | . . . . 3 . . . . . . 2 7 . 40 . . . . . . . . . . . . . . . . . . . . . Classes Destroyed 24 | 1 2 . 4 1 . 1 1 2 . . 1 . . 4 . . 1 1 . . . . . . . . . . . . . . 1 1 3 Worker 13 | . . . . 1 . . . . . 4 . . . . . 3 . . . . . . . . . . . . . . 1 . . 4 . Builder 5 | . . . . . . . . 2 . 1 . . . . . 2 . . . . . . . . . . . . . . . . . . . Tunneler 8 | 2 . . . 1 . . . . . . . . . . . . . . . . . . . . . 1 . . . . 1 . . 3 . Hauler 4 | . . . 3 . . . . . . . . . . . . 1 . . . . . . . . . . . . . . . . . . . Recycler 11 | . . . . . . 1 . 1 . 4 . . . . . 3 . . . . . . . . . . . . . . . . . 2 . Operator 5 | . . . 1 . . . . . . . . . . . . . . . . . . . . 3 . 1 . . . . . . . . . Watcher 2 | . 1 . 1 . . . . . . . . . . . . . . . . . . . . . . . . . . . . . . . . Swarmer 18 | . . . 3 3 . . . 2 . . 3 7 . . . . . . . . . . . . . . . . . . . . . . . Grunt 13 | . 2 . 7 . . 2 2 . . . . . . . . . . . . . . . . . . . . . . . . . . . . Brawler 1 | . . . . . . . 1 . . . . . . . . . . . . . . . . . . . . . . . . . . . . Duelist 3 | . . . . . . . . . . . . . . . . . . . . . . . . . . . . . . . . . 3 . . Researcher 1 | . . . . . . . . . . . . . . . . . 1 . . . . . . . . . . . . . . . . . . Sentry 3 | . . . 2 . . . . 1 . . . . . . . . . . . . . . . . . . . . . . . . . . . Demolisher 3 | . . . . . . . . . . . . . . . . . . . . . . . . . . . . . . . . . . . 3 Programmer 9 | . . . . . . . . 2 . . . . . . . . . . . . . . . . . 1 . . . . . . . . 6 Behemoth 2 | . . . . . . . . . . . . . . . . . . . . . . . . . . . . . . . . . . 1 1 Striker 1 | . . . . . . . . . . . . . . . . . . . . . . . . . . . . . . . . . . . 1 Executioner 1 | . . . . . . . . . . . . . . . . . . . . . . . . . . . . . . . . . . . 1 Z-Light 3 | . . . . . . . . . . . . . . 3 . . . . . . . . . . . . . . . . . . . . . Samaritan 4 | . . . . . . . . . . . 3 . . . . . . . . . . . . . . . . 1 . . . . . . . Tinkerer 1 | . . . . . . . . . . . . . . . . . . 1 . . . . . . . . . . . . . . . . . Assembler 2 | . . . . . . . . . . . . . . 2 . . . . . . . . . . . . . . . . . . . . . Assembled 38 | . . . . . . . . . . . . . . 38 . . . . . . . . . . . . . . . . . . . . . Golem 16 | . . . . . . . . . . . . . . 16 . . . . . . . . . . . . . . . . . . . . . Best Kill Streak 37 | 2 1 . 4 3 . 3 2 2 . 2 3 4 . 37 . 1 . . . . . . . 2 . 1 . . . . 1 . . 2 3 Combat Bots Only 35 | . 1 . 4 3 . 2 2 2 . . 3 4 . 35 . . . . . . . . . . . 1 . . . . . . . 1 3 Max Kills in Single Turn 16 | 1 1 . 2 1 . 1 1 2 . 1 1 4 . 16 . 1 1 1 . . . . 1 1 . 1 . 1 . . 1 . 1 1 1 Gunslinging 1 | . . . 1 . . . . . . . . . . . . . . . . . . . . . . . . . . . . . . . . Exploded 16 | . . . . 1 . . . . . . 1 4 . 16 . . . . . . . . . . . . . . . . . . . . . Melee 1 | . . . . . . . . . . . . . . 1 . . . . . . . . . . . 1 . . . . . . . . . Uniques/NPCs Destroyed 3 | . . . . . . . . . . . . . . 1 . . . . . . . . 1 . . . . . . . . 1 . . . Z-Imprinter (-7/Deep Caves) A7 (-5/Cetus) VL-GR5 (-3/Armory) Combat | -11 -10 -10 -9 -9 -9 -8 -8 -7 -7 -7 -7 -7 -7 -7 -6 -6 -6 -6 -6 -5 -5 -5 -5 -5 -5 -4 -4 -4 -4 -3 -3 -3 -3 -2 -1 -------- Run | Yrd Mat Min Mat Min Exi Min Mat Fac Was Fac Low Low Zio Dee Pro Fac Low Low Dat Pro Fac Ext Cet Arc Hub Fac Upp Upp Zhi Pro Res Arm Lab Res Acc Hostile Shots Fired 505 | . 7 6 49 11 . 2 1 58 3 7 14 12 . 49 12 21 30 . . 14 6 21 14 . . 14 2 . . 9 8 10 . 24 101 Missed 157 | . 1 . 12 5 . . 1 17 . 4 4 7 . 14 4 7 10 . . 3 1 9 2 . . 2 . . . 2 2 4 . 8 38 Hits 348 | . 6 6 37 6 . 2 . 41 3 3 10 5 . 35 8 14 20 . . 11 5 12 12 . . 12 2 . . 7 6 6 . 16 63 Melee 4 | . . . . . . . . . 3 . . . . . . . . . . . . . . . . . . . . . . . . . 1 Projectile 344 | . 6 6 37 6 . 2 . 41 . 3 10 5 . 35 8 14 20 . . 11 5 12 12 . . 12 2 . . 7 6 6 . 16 62 AOE 30 | . . 6 . . . . . . . . . . . . . . . . . . . 1 . . . . . . . . 4 . . . 19 Critical Strikes 17 | . . . . . . . . 1 2 . . . . . . . . . . 3 1 1 3 . . 1 . . . . . 1 . 1 3 Actively Blocked 9 | . . . . . . . . . . . . . . . . . . . . . . 1 3 . . 1 . . . . . . . 1 3 Damage Taken 9868 | . 87 253 421 71 . 38 . 604 725 46 150 75 . 1011 119 315 200 77 . 210 111 339 327 . . 248 49 . . 175 419 279 . 587 2932 Core 926 | . 14 72 63 3 . 16 . 31 271 . 17 . . 209 16 23 . . . 20 . 21 12 . . . . . . . 3 59 . 21 55 Absorbed by Shields 172 | . . . . 24 . . . 65 . . . . . . . . . . . . . 21 62 . . . . . . . . . . . . Redirected to Shielding 194 | . . . . . . . . . . . . . . 194 . . . . . . . . . . . . . . . . . . . . . Regen/Repaired (Parts) 1611 | . . . . . . . . . . . . . . 30 26 25 42 . . 63 19 47 52 . . 81 25 . . 38 81 . . 96 986 Core Remaining (%) 85 | 100 . 65 . . . 79 100 . . . . . . . 22 . . . . 94 . . . . 96 . . . . 100 . . 95 98 96 Volleys Fired 242 | 4 8 6 44 4 . 9 4 21 12 9 3 10 . 43 . 1 . 1 . 1 1 . 5 . . . . . . . 1 5 5 2 43 Largest 4 | 2 2 2 2 1 . 2 3 4 4 1 1 1 . 2 . 1 . 1 . 1 1 . 1 . . . . . . . 1 1 1 1 1 Hottest 160 | 70 46 46 66 30 . 66 99 160 160 40 40 40 . 78 . 120 . 120 . 120 120 . 81 . . . . . . . 120 120 120 100 100 Shots Fired 378 | 8 16 12 88 4 . 18 12 59 26 10 3 10 . 48 . 1 . 1 . 1 1 . 5 . . . . . . . 1 5 5 2 42 Gun 80 | 8 16 12 44 . . . . . . . . . . . . . . . . . . . . . . . . . . . . . . . . Cannon 264 | . . . 44 . . 18 12 59 26 10 1 5 . 28 . 1 . 1 . 1 1 . 5 . . . . . . . 1 3 5 1 42 Launcher 31 | . . . . 4 . . . . . . 2 5 . 20 . . . . . . . . . . . . . . . . . . . . . Special 3 | . . . . . . . . . . . . . . . . . . . . . . . . . . . . . . . . 2 . 1 . Kinetic 276 | 4 16 12 88 . . 18 12 59 26 10 1 5 . 25 . . . . . . . . . . . . . . . . . . . . . Thermal 57 | 4 . . . . . . . . . . . . . . . 1 . 1 . 1 1 . . . . . . . . . 1 3 3 1 41 Explosive 31 | . . . . 4 . . . . . . 2 5 . 20 . . . . . . . . . . . . . . . . . . . . . Electromagnetic 11 | . . . . . . . . . . . . . . 3 . . . . . . . . 5 . . . . . . . . . 2 . 1 Robot Hit Streak 20 | 3 6 5 20 . . 4 6 10 8 6 7 . . 9 . . . . . . . . 6 . . . . . . . . 1 . 2 8 Robot Miss Streak 11 | 1 3 1 3 1 . 2 1 11 3 . . . . 5 . . . . . . . . 2 . . . . . . . . 2 . . . Penetration Max . | . . . . . . . . . . . . . . . . . . . . . . . . . . . . . . . . . . . . Secondary Targets 1 | . . . 1 . . . . . . . . . . . . . . . . . . . . . . . . . . . . . . . . Max Gunslinging Chain 1 | . . . 1 . . . . . . . . . . . . . . . . . . . . . . . . . . . . . . . . Shots Hit Robots 288 | 6 9 9 53 . . 10 7 28 10 12 6 . . 75 . 11 1 1 . . . . 11 11 . 3 . 1 . . 2 1 6 9 6 Core Hits 203 | 4 5 2 20 4 . 3 5 8 . 3 5 9 . 106 . . 1 1 . . 1 . 3 3 . 1 . . . . 1 1 2 6 9 Critical Kills 11 | . . . 1 . . . . . . 1 . . . 1 . . 1 . . . . . . . . . . . . . . . . 2 5 Critical Parts Destroyed 13 | . . . . . . . . . . 3 1 . . 4 . 1 . 1 . . . . 1 . . . . . . . . . 1 1 . Critical Strikes 39 | . . . 3 . . . 2 2 . 4 1 . . 12 . 1 1 1 . . . . 2 . . . . . . . . . 2 3 5 Meltdown 5 | . . . . . . . . . . . . . . . . . . . . . . . . . . . . . . . . . . . 5 Destroy 1 | . . . 1 . . . . . . . . . . . . . . . . . . . . . . . . . . . . . . . . Blast 8 | . . . 2 . . . 2 2 . . . . . 2 . . . . . . . . . . . . . . . . . . . . . Smash 20 | . . . . . . . . . . 4 1 . . 5 . 1 1 1 . . . . 2 . . . . . . . . . 2 3 . Impale 5 | . . . . . . . . . . . . . . 5 . . . . . . . . . . . . . . . . . . . . . Melee Attacks 245 | . . . . . . . . 4 1 33 6 1 1 83 . 22 10 5 . . 2 1 8 11 . 8 . 1 . . 10 . 27 10 1 Impact 193 | . . . . . . . . . . 33 6 1 1 47 . 22 10 5 . . 2 1 8 . . 8 . 1 . . 10 . 27 10 1 Slashing 5 | . . . . . . . . 4 1 . . . . . . . . . . . . . . . . . . . . . . . . . . Piercing 44 | . . . . . . . . . . . . . . 36 . . . . . . . . . 8 . . . . . . . . . . . Sneak Attacks 98 | . . . . . . . . 2 . 7 3 . . 40 . 9 1 1 . . . . 8 8 . 2 . 1 . . 2 . 6 8 . Combat Hostiles . | . . . . . . . . . . . . . . . . . . . . . . . . . . . . . . . . . . . . Follow-up Attacks . | . . . . . . . . . . . . . . . . . . . . . . . . . . . . . . . . . . . . Damage Inflicted 20267 | 54 140 140 983 336 . 211 168 1043 304 827 677 575 . 8607 . 977 103 148 . . 35 . 993 439 . 228 . 91 . . 208 32 438 840 1670 Guns 808 | 54 140 140 474 . . . . . . . . . . . . . . . . . . . . . . . . . . . . . . . . Cannons 4489 | . . . 504 . . 195 168 908 304 73 30 . . 368 . . . 39 . . 35 . 114 . . . . . . . . 32 . 49 1670 Explosions 4783 | . . . . 332 . . . . . . 192 575 . 3427 . . . . . . . . 257 . . . . . . . . . . . . Melee 10037 | . . . . . . . . 135 . 754 455 . . 4812 . 977 103 109 . . . . 622 439 . 228 . 91 . . 208 . 438 666 . Ramming 150 | . . . 5 4 . 16 . . . . . . . . . . . . . . . . . . . . . . . . . . . 125 . Kinetic 3291 | 29 140 140 978 . . 195 168 908 304 73 30 . . 326 . . . . . . . . . . . . . . . . . . . . . Thermal 2107 | 25 . . . . . . . . . . . . . . . . . 39 . . 35 . 257 . . . . . . . . 32 . 49 1670 Explosive 4526 | . . . . 332 . . . . . . 192 575 . 3427 . . . . . . . . . . . . . . . . . . . . . Electromagnetic 156 | . . . . . . . . . . . . . . 42 . . . . . . . . 114 . . . . . . . . . . . . Impact 7180 | . . . . . . . . . . 754 455 . . 2529 . 977 103 109 . . . . 622 . . 228 . 91 . . 208 . 438 666 . Slashing 135 | . . . . . . . . 135 . . . . . . . . . . . . . . . . . . . . . . . . . . . Piercing 2722 | . . . . . . . . . . . . . . 2283 . . . . . . . . . 439 . . . . . . . . . . . Highest Corruption 27 | . . . . . . . . 5 27 27 27 27 27 . . . . . . 2 . 2 8 8 . 3 3 3 3 3 . . . 1 6 Average Corruption 10 | . . . . . . . . 2 17 27 27 27 27 . . . . . . 1 . 1 5 6 . 2 3 3 3 3 . . . 1 5 Corruption Purged 8 | . . . . . . . . . . . . . . . . . . . . . . . . 8 . . . . . . . . . . . Corruption Blocked . | . . . . . . . . . . . . . . . . . . . . . . . . . . . . . . . . . . . . Effects 191 | . . . . . . . . 11 12 44 22 29 5 . . . . . . 7 . 6 7 6 . 1 7 7 4 7 . . . 3 13 Message Errors 45 | . . . . . . . . 3 3 10 5 11 2 . . . . . . 1 . 2 2 1 . . 2 . 1 1 . . . . 1 Matter Fused 54 | . . . . . . . . 1 2 7 11 6 1 . . . . . . 3 . . 3 4 . 1 2 3 2 2 . . . 1 5 Heat Flow Errors 22 | . . . . . . . . 1 1 8 1 4 1 . . . . . . 1 . 1 1 1 . . . 1 . . . . . 1 . Energy Discharges 20 | . . . . . . . . 2 1 6 1 4 1 . . . . . . . . 1 . . . . . . 1 1 . . . 1 1 Parts Rejected 3 | . . . . . . . . . . 2 . . . . . . . . . . . . . . . . . . . . . . . . 1 Data Loss (minor) 19 | . . . . . . . . 2 1 3 2 1 . . . . . . . . . 1 1 . . . 2 2 . 2 . . . . 2 Data Loss (major) 10 | . . . . . . . . . . 2 1 3 . . . . . . . 1 . . . . . . 1 . . . . . . . 2 Misfires 2 | . . . . . . . . . . 2 . . . . . . . . . . . . . . . . . . . . . . . . . Alerts 7 | . . . . . . . . 1 . 2 . . . . . . . . . 1 . 1 . . . . . 1 . 1 . . . . . Misdirections 4 | . . . . . . . . . 2 1 1 . . . . . . . . . . . . . . . . . . . . . . . . Weapon Failures 5 | . . . . . . . . 1 2 1 . . . . . . . . . . . . . . . . . . . . . . . . 1 Overload Shots . | . . . . . . . . . . . . . . . . . . . . . . . . . . . . . . . . . . . . Overflow Damage 3954 | . . . . 30 . . . 176 . 499 346 25 . 1295 . 575 . 109 . . . . 105 30 . 113 . 84 . . 73 . 136 298 60 Projectiles 206 | . . . . . . . . 96 . . . . . 31 . . . . . . . . . . . . . . . . . . 19 . 60 Explosions 243 | . . . . 30 . . . . . . . 25 . 188 . . . . . . . . . . . . . . . . . . . . . Melee 3505 | . . . . . . . . 80 . 499 346 . . 1076 . 575 . 109 . . . . 105 30 . 113 . 84 . . 73 . 117 298 . Knockbacks 52 | . . . 3 . . 5 . 9 . 3 . . . 18 . 4 . 1 . . . . 2 . . 1 . . . . 1 . 3 2 . Impact 31 | . . . . . . 1 . . . 3 . . . 14 . 4 . 1 . . . . 2 . . 1 . . . . 1 . 2 2 . Kinetic 19 | . . . 3 . . 3 . 9 . . . . . 4 . . . . . . . . . . . . . . . . . . . . . Secondary 2 | . . . . . . 1 . . . . . . . . . . . . . . . . . . . . . . . . . . 1 . . Self-Inflicted Damage 62 | . . . . 48 . 8 . . . . 6 . . . . . . . . . . . . . . . . . . . . . . . . Shots 2 | . . . . 1 . . . . . . 1 . . . . . . . . . . . . . . . . . . . . . . . . Rammed 7 | . . . 1 . . 1 . . . . . . . . . . . . . . . . . . . . . . . . . . . 5 . Targets Rammed 9 | . . . 1 2 . 1 . . . . . . . . . . . . . . . . . . . . . . . . . . . 5 . Kicked . | . . . . . . . . . . . . . . . . . . . . . . . . . . . . . . . . . . . . Crushed 2 | . . . . 2 . . . . . . . . . . . . . . . . . . . . . . . . . . . . . . . Highest Temperature 383 | 50 4 . 76 . . 102 51 383 198 260 91 266 136 58 . 100 . 106 . 109 76 262 198 182 . . . 161 . . 12 48 192 172 216 Average Temperature 72 | 24 3 . 25 . . 46 24 140 85 96 50 102 68 27 . 40 . 53 . 52 33 141 57 98 . . . 99 . . 9 24 55 45 72 Received Heat Transfer 875 | . 51 . 117 . . 18 . 56 . . . . . 129 12 102 6 6 . . 72 33 18 . . . 9 . . 9 27 15 . 69 126 Effects 1 | . . . . . . . . . . . . 1 . . . . . . . . . . . . . . . . . . . . . . . Energy Bleed 1 | . . . . . . . . . . . . 1 . . . . . . . . . . . . . . . . . . . . . . . Siege Activations . | . . . . . . . . . . . . . . . . . . . . . . . . . . . . . . . . . . . . Martial Activations . | . . . . . . . . . . . . . . . . . . . . . . . . . . . . . . . . . . . . Shielding Activations . | . . . . . . . . . . . . . . . . . . . . . . . . . . . . . . . . . . . . Robots Disrupted . | . . . . . . . . . . . . . . . . . . . . . . . . . . . . . . . . . . . . Combat Hostiles . | . . . . . . . . . . . . . . . . . . . . . . . . . . . . . . . . . . . . Robots Corrupted 28 | . . . . . . . . . . 3 4 . . 7 . 5 . 1 . . . . 1 . . 1 . 1 . . 1 . 3 1 . Combat Hostiles 4 | . . . . . . . . . . . 1 . . 3 . . . . . . . . . . . . . . . . . . . . . Parts Fried 33 | . . . . . . . . . . 5 5 . . . . 11 . . . . . . 1 . . 3 . 2 . . 2 . . 4 . Impact Corruptions 101 | . . . . . . . . . . 14 22 . . 17 . 19 . 4 . . . . 5 . . 3 . 1 . . 3 . 4 9 . Robots Melted 5 | . . . . . . . . . . . . . . . . . . . . . . . . . . . . . . . . . . . 5 Combat Hostiles 5 | . . . . . . . . . . . . . . . . . . . . . . . . . . . . . . . . . . . 5 Parts Melted 17 | . . . . . . . . . . . . . . 1 . . . . . . . . . . . . . . . . . . . . 16 Heat Transferred 1593 | 74 . . . . . . . . . . . . . . . . . 80 . . 80 . 200 . . . . . . . . 15 . 37 1107 Parts Sabotaged . | . . . . . . . . . . . . . . . . . . . . . . . . . . . . . . . . . . . . Parts Stolen . | . . . . . . . . . . . . . . . . . . . . . . . . . . . . . . . . . . . . Parts Stripped . | . . . . . . . . . . . . . . . . . . . . . . . . . . . . . . . . . . . . Power Chain Reactions 1 | . . . . . . . . . . . . . . . . . . . . . . . 1 . . . . . . . . . . . . Alert | -11 -10 -10 -9 -9 -9 -8 -8 -7 -7 -7 -7 -7 -7 -7 -6 -6 -6 -6 -6 -5 -5 -5 -5 -5 -5 -4 -4 -4 -4 -3 -3 -3 -3 -2 -1 ------- Run | Yrd Mat Min Mat Min Exi Min Mat Fac Was Fac Low Low Zio Dee Pro Fac Low Low Dat Pro Fac Ext Cet Arc Hub Fac Upp Upp Zhi Pro Res Arm Lab Res Acc Maximum Alert Level 5 | . . . . . . . . . . . . . . . . 3 . . . . 1 2 2 1 3 2 . . . . 3 5 . 5 5 Low Security (%) 45 | 100 100 100 100 100 . 100 100 100 100 100 . . . . . 18 . . . . 1 18 . 39 24 . . . . . 24 . . 25 . Level 1 12 | . . . . . . . . . . . . . . . . 21 . . . . 98 46 64 60 1 38 . . . . 6 . . 3 . Level 2 12 | . . . . . . . . . . . . . . . . 11 . . . . . 34 35 . 44 61 . . . . 30 2 . 13 . Level 3 11 | . . . . . . . . . . . . . . . . 48 . . . . . . . . 30 . . . . . 38 24 . 2 . Level 4 3 | . . . . . . . . . . . . . . . . . . . . . . . . . . . . . . . . 51 . 8 . Level 5 7 | . . . . . . . . . . . . . . . . . . . . . . . . . . . . . . . . 21 . 45 20 High Security 6 | . . . . . . . . . . . . . . . . . . . . . . . . . . . . . . . . . . . 79 Max Security . | . . . . . . . . . . . . . . . . . . . . . . . . . . . . . . . . . . . . Sterilizations 1 | . . . . . . . . . . . . . . . . . . . . . . . . . . . . . . . . . . . 1 Peak Influence 8313 | 10 43 9 178 82 . 111 67 77 15 45 . . . . . 841 . . . . 346 536 466 289 721 575 . . . . 825 2059 . 3331 8313 Initial 1998 | . . 9 . 30 . . 11 . 11 . . . . . . 208 . . . . 231 156 210 143 49 343 . . . . . 364 . . 1998 Average 831 | 1 5 . 94 7 . 33 15 10 1 4 . . . . . 529 . . . . 278 346 371 220 480 435 . . . . 512 1313 . 1262 5174 Influence Increases 21478 | 10 95 5 361 101 . 186 107 218 9 209 372 190 . . 542 1263 199 163 . 443 408 691 378 196 732 545 120 . . 97 1287 2065 . 3881 6605 Destroy 0b10 Robot/C 9220 | . 40 . 240 60 . 100 80 100 . . 140 160 . . 280 420 100 80 . 200 100 300 160 80 220 200 60 . . 40 480 840 . 1580 3160 Destroy 0b10 Robot/NC 590 | 10 5 5 25 10 . 5 . 15 . 55 5 . . . . 65 . . . 10 5 30 10 15 . 20 . . . . 25 25 . 140 110 Destroy Leader 1430 | . 12 . 58 10 . 30 10 40 . 4 10 20 . . 20 134 10 10 . 20 22 26 . . 30 54 . . . 10 104 126 . 310 360 Allied During Kill 7752 | . . . . 1 . 20 9 . . . 7 10 . . 242 453 89 73 . 213 102 298 170 95 250 247 60 . . 47 563 819 . 1524 2460 Successful Hack 92 | . 7 . . . . . 8 . . 51 . . . . . 8 . . . . . . . . 4 . . . . . . . . . 14 Disable Machine 495 | . . . 30 . . 30 . 45 . 30 . . . . . 120 . . . . 15 . . . 30 . . . . . 15 105 . 45 30 Anti-Garrison Action 300 | . . . . . . . . . . . . . . . . . . . . . . . . . 150 . . . . . . . . . 150 Destroy Structure 1074 | . 1 . 8 20 . 1 . 18 9 24 . . . . . 33 . . . . 14 22 38 6 48 24 . . . . 100 150 . 252 306 Advance Influence 150 | . . . . . . . . . . . . . . . . . . . . . 150 . . . . . . . . . . . . . . Partial Spotted 75 | . . . . . . . . . . 15 . . . . . 15 . . . . . 15 . . . . . . . . . . . 15 15 Lose Combat Pursuer 300 | . 30 . . . . . . . . 30 210 . . . . 15 . . . . . . . . . . . . . . . . . 15 . Influence Decreases 13165 | 10 69 31 282 180 . 155 138 185 42 175 286 303 7 . 210 758 723 423 53 313 219 633 397 413 172 790 427 149 . 97 593 724 2035 550 1623 Entered New Map 5641 | . . 17 . 49 . . 20 . 22 . 14 23 7 . . 124 311 61 53 . 49 163 167 215 92 358 169 29 . . . 330 2035 . 1333 Time Decay 6665 | 10 69 14 272 123 . 155 98 185 19 135 222 280 . . 210 614 392 362 . 303 150 310 180 198 60 422 238 120 . 97 503 374 . 410 140 Lost Part 109 | . . . 10 8 . . . . 1 . . . . . . . . . . . . 10 10 . . 10 . . . . 10 . . . 50 Lost Ally 600 | . . . . . . . 20 . . 40 50 . . . . 20 20 . . 10 20 . 40 . 20 . 20 . . . 80 20 . 140 100 Purge Threat 150 | . . . . . . . . . . . . . . . . . . . . . . 150 . . . . . . . . . . . . . Squads Dispatched 80 | . 1 . 1 . . . . 4 . 2 . . . . . 7 . . . . . . . . 4 3 . . . . 6 8 . 17 27 Investigation 5 | . 1 . . . . . . 1 . . . . . . . . . . . . . . . . 1 . . . . . 2 . . . . Extermination 19 | . . . . . . . . 2 . 2 . . . . . 4 . . . . . . . . . 2 . . . . . 3 . 6 . Reinforcement 12 | . . . 1 . . . . 1 . . . . . . . 2 . . . . . . . . . 1 . . . . 4 1 . 2 . Assault 41 | . . . . . . . . . . . . . . . . 1 . . . . . . . . 2 . . . . . . 4 . 8 26 Garrison 3 | . . . . . . . . . . . . . . . . . . . . . . . . . 1 . . . . . . . . 1 1 Intercept . | . . . . . . . . . . . . . . . . . . . . . . . . . . . . . . . . . . . . Searches Triggered . | . . . . . . . . . . . . . . . . . . . . . . . . . . . . . . . . . . . . Unchained Authorized 1 | . . . . . . . . . . . . . . . . . . . . . . . . . . . . . . . . . . . 1 Construction Impeded . | . . . . . . . . . . . . . . . . . . . . . . . . . . . . . . . . . . . . Haulers Reinforced . | . . . . . . . . . . . . . . . . . . . . . . . . . . . . . . . . . . . . Active Scanning Responses . | . . . . . . . . . . . . . . . . . . . . . . . . . . . . . . . . . . . . Cargo Convoy Interrupts . | . . . . . . . . . . . . . . . . . . . . . . . . . . . . . . . . . . . . Stealth | -11 -10 -10 -9 -9 -9 -8 -8 -7 -7 -7 -7 -7 -7 -7 -6 -6 -6 -6 -6 -5 -5 -5 -5 -5 -5 -4 -4 -4 -4 -3 -3 -3 -3 -2 -1 --------- Run | Yrd Mat Min Mat Min Exi Min Mat Fac Was Fac Low Low Zio Dee Pro Fac Low Low Dat Pro Fac Ext Cet Arc Hub Fac Upp Upp Zhi Pro Res Arm Lab Res Acc Distress Signals 33 | . 2 . 4 . . . 1 . . 1 . . . . . . . . . . 1 2 2 . . 1 . . . . 12 3 . 2 2 Communications Jammed 296 | . . . . . . . . . . . . . . . . . . . . . . . . . . 22 . . . . 1 143 . 14 116 Distress Signals 290 | . . . . . . . . . . . . . . . . . . . . . . . . . . 22 . . . . 1 143 . 13 111 Times Spotted 544 | . 5 2 16 3 . 5 7 19 6 11 18 6 . 64 9 22 3 5 . 9 7 17 10 6 9 5 1 . . 2 19 36 . 52 170 Peak Tracking Total 37 | . 3 2 4 3 . 3 3 3 6 4 9 4 . 37 4 5 1 4 . 2 3 7 5 1 4 1 1 . . 1 5 5 . 6 17 Tactical Retreats 13 | . 2 . . . . . . . . 1 6 . . 2 . 1 . . . . . . . . . . . . . . . . . 1 . Traps | -11 -10 -10 -9 -9 -9 -8 -8 -7 -7 -7 -7 -7 -7 -7 -6 -6 -6 -6 -6 -5 -5 -5 -5 -5 -5 -4 -4 -4 -4 -3 -3 -3 -3 -2 -1 ------- Run | Yrd Mat Min Mat Min Exi Min Mat Fac Was Fac Low Low Zio Dee Pro Fac Low Low Dat Pro Fac Ext Cet Arc Hub Fac Upp Upp Zhi Pro Res Arm Lab Res Acc Traps Triggered 14 | . 1 . . . . . . 7 . . . . . . . 1 . . . . 1 1 . . . . . . . . 1 . . 1 1 Indirectly . | . . . . . . . . . . . . . . . . . . . . . . . . . . . . . . . . . . . . Trap Hack Attempts . | . . . . . . . . . . . . . . . . . . . . . . . . . . . . . . . . . . . . Triggered . | . . . . . . . . . . . . . . . . . . . . . . . . . . . . . . . . . . . . Disarmed . | . . . . . . . . . . . . . . . . . . . . . . . . . . . . . . . . . . . . Reprogrammed . | . . . . . . . . . . . . . . . . . . . . . . . . . . . . . . . . . . . . Reused 5 | . . . . . . . . . . . . . . 5 . . . . . . . . . . . . . . . . . . . . . Traps Extracted . | . . . . . . . . . . . . . . . . . . . . . . . . . . . . . . . . . . . . Installed 17 | . . . . . . . . . . . . . . 17 . . . . . . . . . . . . . . . . . . . . . Triggered . | . . . . . . . . . . . . . . . . . . . . . . . . . . . . . . . . . . . . Fabricated Traps 17 | . . . . . . . . . . . . . . 17 . . . . . . . . . . . . . . . . . . . . . Machines | -11 -10 -10 -9 -9 -9 -8 -8 -7 -7 -7 -7 -7 -7 -7 -6 -6 -6 -6 -6 -5 -5 -5 -5 -5 -5 -4 -4 -4 -4 -3 -3 -3 -3 -2 -1 ---------- Run | Yrd Mat Min Mat Min Exi Min Mat Fac Was Fac Low Low Zio Dee Pro Fac Low Low Dat Pro Fac Ext Cet Arc Hub Fac Upp Upp Zhi Pro Res Arm Lab Res Acc Machines Disabled 44 | . . . 2 . . 2 . 3 . 2 . . . 2 1 8 1 1 . . 1 1 . . 3 . . . . . 1 7 1 3 5 Max in Single Turn 1 | . . . 1 . . 1 . 1 . 1 . . . 1 . 1 1 1 . . . . . . . . . . . . . . 1 . 1 Garrison Access 5 | . . . . . . . . 1 . 1 . . . . . . . . . . . . . . 1 1 . . . . . . . . 1 Energy Cycler 1 | . . . . . . . . . . . . . . . . . . . . . . . . . . . . . . . . . . . 1 Machines Repaired . | . . . . . . . . . . . . . . . . . . . . . . . . . . . . . . . . . . . . Machines Dismantled . | . . . . . . . . . . . . . . . . . . . . . . . . . . . . . . . . . . . . Machines Sabotaged . | . . . . . . . . . . . . . . . . . . . . . . . . . . . . . . . . . . . . Overloaded Fab Kills . | . . . . . . . . . . . . . . . . . . . . . . . . . . . . . . . . . . . . Hacking | -11 -10 -10 -9 -9 -9 -8 -8 -7 -7 -7 -7 -7 -7 -7 -6 -6 -6 -6 -6 -5 -5 -5 -5 -5 -5 -4 -4 -4 -4 -3 -3 -3 -3 -2 -1 --------- Run | Yrd Mat Min Mat Min Exi Min Mat Fac Was Fac Low Low Zio Dee Pro Fac Low Low Dat Pro Fac Ext Cet Arc Hub Fac Upp Upp Zhi Pro Res Arm Lab Res Acc Machines Accessed 42 | . 1 . 2 . 2 . 2 3 . 6 . 1 . . . 4 . . 4 1 . 1 . . 3 2 1 . 4 . 4 . . . 1 Terminals 16 | . 1 . 2 . . . 1 2 . 4 . . . . . . . . . 1 . 1 . . 2 1 . . . . . . . . 1 Fabricators 3 | . . . . . . . . . . 1 . . . . . 2 . . . . . . . . . . . . . . . . . . . Repair Stations . | . . . . . . . . . . . . . . . . . . . . . . . . . . . . . . . . . . . . Recycling Units 1 | . . . . . . . . . . . . . . . . 1 . . . . . . . . . . . . . . . . . . . Scanalyzers 1 | . . . . . . . 1 . . . . . . . . . . . . . . . . . . . . . . . . . . . . Garrison Access 9 | . . . . . . . . 1 . 1 . . . . . 1 . . . . . . . . 1 1 . . . . 4 . . . . Total Hacks 116 | . 4 . 4 . 2 . 7 6 . 11 . 1 . . . 8 . . 31 2 . 2 . . 6 2 1 . 17 . 7 . . . 5 Successful 73 | . 1 . 1 . 2 . 4 1 . 3 . 1 . . . 3 . . 31 2 . 1 . . 2 1 1 . 17 . . . . . 2 Failed 43 | . 3 . 3 . . . 3 5 . 8 . . . . . 5 . . . . . 1 . . 4 1 . . . . 7 . . . 3 Catastrophic 12 | . 1 . 1 . . . 1 . . 4 . . . . . 1 . . . . . . . . 2 . . . . . 1 . . . 1 Database Lockouts . | . . . . . . . . . . . . . . . . . . . . . . . . . . . . . . . . . . . . Manual 37 | . 3 . 4 . 1 . 4 1 . 5 . . 5 . . 5 . . . . . 2 1 . 4 1 . . . . . . . . 1 Terminals 38 | . 4 . 4 . . . 4 3 . 8 . . . . . 1 . . . 2 . 2 . . 4 1 . . . . . . . . 5 Fabricators 5 | . . . . . . . . . . 2 . . . . . 3 . . . . . . . . . . . . . . . . . . . Repair Stations . | . . . . . . . . . . . . . . . . . . . . . . . . . . . . . . . . . . . . Recycling Units 2 | . . . . . . . . . . . . . . . . 2 . . . . . . . . . . . . . . . . . . . Scanalyzers 3 | . . . . . . . 3 . . . . . . . . . . . . . . . . . . . . . . . . . . . . Garrison Access 16 | . . . . . . . . 3 . 1 . . . . . 2 . . . . . . . . 2 1 . . . . 7 . . . . Terminal Hacks 62 | . 1 . 1 . 2 . 1 . . 1 . 1 . . . . . . 31 2 . 1 . . 2 . 1 . 17 . . . . . 1 Record 19 | . . . . . 1 . . . . . . . . . . . . . 11 2 . . . . . . . . 5 . . . . . . Part Schematic 17 | . . . . . . . . . . . . . . . . . . . 13 . . . . . . . . . 4 . . . . . . Robot Schematic 4 | . . . . . . . . . . . . . . . . . . . 4 . . . . . . . . . . . . . . . . Robot Analysis 5 | . . . 1 . . . . . . . . . . . . . . . . . . . . . . . . . 4 . . . . . . Prototype ID Bank 7 | . . . . . . . . . . . . . . . . . . . 3 . . . . . . . . . 4 . . . . . . Open Door 2 | . . . . . . . . . . . . 1 . . . . . . . . . . . . . . 1 . . . . . . . . Branch Access Points 1 | . 1 . . . . . . . . . . . . . . . . . . . . . . . . . . . . . . . . . . Terminal Index 1 | . . . . . . . . . . 1 . . . . . . . . . . . . . . . . . . . . . . . . . Alert Level 1 | . . . . . . . . . . . . . . . . . . . . . . . . . . . . . . . . . . . 1 Unreport Threat 1 | . . . . . . . . . . . . . . . . . . . . . . 1 . . . . . . . . . . . . . Locate Traps 1 | . . . . . . . . . . . . . . . . . . . . . . . . . 1 . . . . . . . . . . Recall Investigation 1 | . . . . . . . . . . . . . . . . . . . . . . . . . 1 . . . . . . . . . . Zone Layout 1 | . . . . . . . 1 . . . . . . . . . . . . . . . . . . . . . . . . . . . . Proto ID Catalog 1 | . . . . . 1 . . . . . . . . . . . . . . . . . . . . . . . . . . . . . . Fabricator Hacks 1 | . . . . . . . . . . . . . . . . 1 . . . . . . . . . . . . . . . . . . . Network Status 1 | . . . . . . . . . . . . . . . . 1 . . . . . . . . . . . . . . . . . . . Repair Station Hacks . | . . . . . . . . . . . . . . . . . . . . . . . . . . . . . . . . . . . . Recycling Unit Hacks . | . . . . . . . . . . . . . . . . . . . . . . . . . . . . . . . . . . . . Scanalyzer 3 | . . . . . . . 3 . . . . . . . . . . . . . . . . . . . . . . . . . . . . Retrieve Study 3 | . . . . . . . 3 . . . . . . . . . . . . . . . . . . . . . . . . . . . . Garrison Access Hacks 3 | . . . . . . . . 1 . 1 . . . . . . . . . . . . . . . 1 . . . . . . . . . Seal Access 3 | . . . . . . . . 1 . 1 . . . . . . . . . . . . . . . 1 . . . . . . . . . Unauthorized Hacks 4 | . . . . . . . . . . 1 . . . . . 2 . . . . . . . . . . . . . . . . . . 1 Terminals 2 | . . . . . . . . . . 1 . . . . . . . . . . . . . . . . . . . . . . . . 1 Assimilate 1 | . . . . . . . . . . 1 . . . . . . . . . . . . . . . . . . . . . . . . . Botnet 1 | . . . . . . . . . . . . . . . . . . . . . . . . . . . . . . . . . . . 1 Fabricators 1 | . . . . . . . . . . . . . . . . 1 . . . . . . . . . . . . . . . . . . . Liberate 1 | . . . . . . . . . . . . . . . . 1 . . . . . . . . . . . . . . . . . . . Repair Stations . | . . . . . . . . . . . . . . . . . . . . . . . . . . . . . . . . . . . . Recycling Units . | . . . . . . . . . . . . . . . . . . . . . . . . . . . . . . . . . . . . Scanalyzers . | . . . . . . . . . . . . . . . . . . . . . . . . . . . . . . . . . . . . Garrison Access 1 | . . . . . . . . . . . . . . . . 1 . . . . . . . . . . . . . . . . . . . Restock 1 | . . . . . . . . . . . . . . . . 1 . . . . . . . . . . . . . . . . . . . Data Cores Recovered . | . . . . . . . . . . . . . . . . . . . . . . . . . . . . . . . . . . . . Used . | . . . . . . . . . . . . . . . . . . . . . . . . . . . . . . . . . . . . Hacking Detections 26 | . 1 . 2 . . . 2 3 . 5 . . . . . 2 . . . . . 1 1 . 3 1 . . . . 4 . . . 1 Full Trace Events 1 | . . . . . . . . . . . . . . . . . . . . . . . . . 1 . . . . . . . . . . Feedback Events . | . . . . . . . . . . . . . . . . . . . . . . . . . . . . . . . . . . . . Feedback Blocked . | . . . . . . . . . . . . . . . . . . . . . . . . . . . . . . . . . . . . Robot Schematics Acquired 8 | . . . . . . . . . . . . . 4 . . . . . 4 . . . . . . . . . . . . . . . . Robots Built . | . . . . . . . . . . . . . . . . . . . . . . . . . . . . . . . . . . . . Authchips . | . . . . . . . . . . . . . . . . . . . . . . . . . . . . . . . . . . . . Time . | . . . . . . . . . . . . . . . . . . . . . . . . . . . . . . . . . . . . Total Robot Build Rating . | . . . . . . . . . . . . . . . . . . . . . . . . . . . . . . . . . . . . Part Schematics Acquired 32 | . . . . . . . . . . . . . 15 . . . . . 13 . . . . . . . . . 4 . . . . . . Parts Built . | . . . . . . . . . . . . . . . . . . . . . . . . . . . . . . . . . . . . Authchips . | . . . . . . . . . . . . . . . . . . . . . . . . . . . . . . . . . . . . Time . | . . . . . . . . . . . . . . . . . . . . . . . . . . . . . . . . . . . . Total Part Build Rating . | . . . . . . . . . . . . . . . . . . . . . . . . . . . . . . . . . . . . Part Studies Acquired 3 | . . . . . . . 3 . . . . . . . . . . . . . . . . . . . . . . . . . . . . Parts Repaired . | . . . . . . . . . . . . . . . . . . . . . . . . . . . . . . . . . . . . Time . | . . . . . . . . . . . . . . . . . . . . . . . . . . . . . . . . . . . . Parts Recycled . | . . . . . . . . . . . . . . . . . . . . . . . . . . . . . . . . . . . . Recycled Matter . | . . . . . . . . . . . . . . . . . . . . . . . . . . . . . . . . . . . . Retrieved Matter . | . . . . . . . . . . . . . . . . . . . . . . . . . . . . . . . . . . . . Retrieved Components . | . . . . . . . . . . . . . . . . . . . . . . . . . . . . . . . . . . . . Parts Scanalyzed . | . . . . . . . . . . . . . . . . . . . . . . . . . . . . . . . . . . . . Part Schematics Acquired . | . . . . . . . . . . . . . . . . . . . . . . . . . . . . . . . . . . . . Parts Damaged . | . . . . . . . . . . . . . . . . . . . . . . . . . . . . . . . . . . . . Bothacking | -11 -10 -10 -9 -9 -9 -8 -8 -7 -7 -7 -7 -7 -7 -7 -6 -6 -6 -6 -6 -5 -5 -5 -5 -5 -5 -4 -4 -4 -4 -3 -3 -3 -3 -2 -1 ------------ Run | Yrd Mat Min Mat Min Exi Min Mat Fac Was Fac Low Low Zio Dee Pro Fac Low Low Dat Pro Fac Ext Cet Arc Hub Fac Upp Upp Zhi Pro Res Arm Lab Res Acc Used RIF Installer . | . . . . . . . . . . . . . . . . . . . . . . . . . . . . . . . . . . . . Robots Hacked 3 | . . . . . . . . . . . . . . . . . . . . . . . . 3 . . . . . . . . . . . Non-combat . | . . . . . . . . . . . . . . . . . . . . . . . . . . . . . . . . . . . . Combat 3 | . . . . . . . . . . . . . . . . . . . . . . . . 3 . . . . . . . . . . . Robot Hacks Applied 4 | . . . . . . . . . . . . . . . . . . . . . . . . 3 . . . . . . . . . 1 . parse_system 4 | . . . . . . . . . . . . . . . . . . . . . . . . 3 . . . . . . . . . 1 . Relay Couplers Released 11 | . . . . . . . . . . . . . . . . . 3 . . . . . . . 1 2 . . . . . . . 3 2 Machine Destruction 5 | . . . . . . . . . . . . . . . . . . . . . . . . . 1 2 . . . . . . . . 2 Programmers 6 | . . . . . . . . . . . . . . . . . 3 . . . . . . . . . . . . . . . . 3 . Fabnet Peak Effective % . | . . . . . . . . . . . . . . . . . . . . . . . . . . . . . . . . . . . . Robots Rewired 8 | . . . . . . . . . . . . . . . 1 . . 4 . . . . . . . . . . . . . 3 . . . Allies Hacked 1 | . . . . . . . . . . . . . . . . . . . . 1 . . . . . . . . . . . . . . . Hacks Repelled . | . . . . . . . . . . . . . . . . . . . . . . . . . . . . . . . . . . . . Allies | -11 -10 -10 -9 -9 -9 -8 -8 -7 -7 -7 -7 -7 -7 -7 -6 -6 -6 -6 -6 -5 -5 -5 -5 -5 -5 -4 -4 -4 -4 -3 -3 -3 -3 -2 -1 -------- Run | Yrd Mat Min Mat Min Exi Min Mat Fac Was Fac Low Low Zio Dee Pro Fac Low Low Dat Pro Fac Ext Cet Arc Hub Fac Upp Upp Zhi Pro Res Arm Lab Res Acc Total Allies 29 | . . . . 4 . . . . . 1 . . 2 . 1 . . 4 . . . 9 5 . . . . . . . . 3 . . . Largest Group 11 | . . . . 4 4 3 2 1 . 1 1 . 2 2 1 1 . 4 4 3 1 9 11 10 9 6 5 5 5 5 3 3 3 . . Highest-Rated Group 753 | . . . . 71 71 40 23 8 . 26 23 . 192 192 32 32 . 116 116 87 26 381 753 623 595 496 471 471 471 471 288 144 144 . . Highest-Rated Ally 159 | . . . . 31 31 16 15 8 . 26 23 . 96 96 32 32 . 29 29 29 26 159 159 96 96 96 96 96 96 96 96 48 48 . . Total Orders 107 | . . . . . 2 . . . . 2 . 2 . 26 . 18 4 4 2 6 . 1 2 2 . 9 1 . 2 . 6 . 2 9 7 STAY 50 | . . . . . 1 . . . . 1 . . . 18 . 7 2 2 1 4 . . 1 1 . 4 . . 1 . 1 . 1 3 2 ROAM 1 | . . . . . . . . . . . . 1 . . . . . . . . . . . . . . . . . . . . . . . FOLLOW 40 | . . . . . 1 . . . . 1 . 1 . 8 . 7 2 2 1 2 . . 1 1 . 3 . . 1 . . . 1 5 3 GUARD 1 | . . . . . . . . . . . . . . . . . . . . . . . . . . . 1 . . . . . . . . AID 3 | . . . . . . . . . . . . . . . . . . . . . . . . . . . . . . . . . . 1 2 RETURN 12 | . . . . . . . . . . . . . . . . 4 . . . . . 1 . . . 2 . . . . 5 . . . . Ally Attacks 1573 | . . . . . . 35 7 2 . 4 9 3 . 67 22 57 17 6 . 37 12 45 49 21 55 28 6 . . 32 94 156 . 248 561 Total Damage 97778 | . . . . . . 408 79 11 . 172 309 44 . 2241 1480 3723 1254 405 . 1673 861 2882 1772 829 2372 1706 314 . . 1804 6065 11344 . 18194 37836 Kills 501 | . . . . . . 4 1 . . 2 4 1 . 10 14 25 5 5 . 13 6 22 10 5 13 13 3 . . 2 28 48 . 97 170 Allies Corrupted 11 | . . . . . . . . . . . . . . 4 . . . . . . . . 1 . . 1 . . . . . . 3 . 2 Allies Melted 3 | . . . . . . . . . . . . . . . . . . . . . . . . . . . . . . 1 . . . 2 . Borg Created 43 | . . . . . . . . . . 3 2 . . 20 . 1 . . . 1 . . . 1 . 1 . . . . 1 1 . 6 6 Largest Collective 7 | . . . . . . . . . . 1 2 . . 6 . 7 . . . 7 . . . 7 . 7 . . . . 7 7 . 7 6 Intel | -11 -10 -10 -9 -9 -9 -8 -8 -7 -7 -7 -7 -7 -7 -7 -6 -6 -6 -6 -6 -5 -5 -5 -5 -5 -5 -4 -4 -4 -4 -3 -3 -3 -3 -2 -1 ------- Run | Yrd Mat Min Mat Min Exi Min Mat Fac Was Fac Low Low Zio Dee Pro Fac Low Low Dat Pro Fac Ext Cet Arc Hub Fac Upp Upp Zhi Pro Res Arm Lab Res Acc Active Infowar (turns) 20675 | 16 637 232 426 1069 587 158 . . . 641 475 472 1387 1240 973 1426 661 837 125 503 313 687 163 . . 787 506 473 193 387 1851 866 286 1776 522 Seismic 13028 | 16 637 232 426 1069 587 158 . . . 641 475 472 1387 1240 973 1426 661 837 125 503 313 687 163 . . . . . . . . . . . . Jamming 7647 | . . . . . . . . . . . . . . . . . . . . . . . . . . 787 506 473 193 387 1851 866 286 1776 522 Robot Analysis Total 5 | . . . 1 . . . . . . . . . . . . . . . . . . . . . . . . . 4 . . . . . . Derelict Logs Recovered 11 | . . 2 . 2 . . . . . . . . . . 2 . 1 1 . 2 . . . . . . 1 . . . . . . . . Drone Launches 12 | . . . . . . . . . . . . . . . . 4 . . . . . 1 . . . 2 . . . . 5 . . . . Drone Recoveries 12 | . . . . . . . . . . . . . . . . 4 . . . . . 1 . . . 2 . . . . 5 . . . . Exploration | -11 -10 -10 -9 -9 -9 -8 -8 -7 -7 -7 -7 -7 -7 -7 -6 -6 -6 -6 -6 -5 -5 -5 -5 -5 -5 -4 -4 -4 -4 -3 -3 -3 -3 -2 -1 ------------- Run | Yrd Mat Min Mat Min Exi Min Mat Fac Was Fac Low Low Zio Dee Pro Fac Low Low Dat Pro Fac Ext Cet Arc Hub Fac Upp Upp Zhi Pro Res Arm Lab Res Acc Turns Passed 34815 | 95 675 301 668 1081 587 582 426 1391 202 842 475 656 1387 8260 973 2023 935 837 125 868 313 687 370 406 125 1023 506 473 197 387 1851 866 953 1776 1493 Spaces Moved 20271 | 48 393 164 273 559 370 392 250 875 97 1118 471 496 1102 3695 587 1240 629 574 87 596 192 440 196 188 40 567 362 351 144 298 1263 424 426 794 570 Core 6 | 6 . . . . . . . . . . . . . . . . . . . . . . . . . . . . . . . . . . . Treads 3219 | 42 393 164 273 559 92 . . . . . 1 . . . . . . . . . . . . . . . . . . . 12 424 82 794 383 Legs 1 | . . . . . . . . . . . . . . . . . . . . . . . . . . . . . 1 . . . . . . Wheels 15269 | . . . . . 278 392 250 875 55 . 198 496 1102 3695 587 1240 629 574 87 596 192 440 196 188 40 567 362 351 143 298 1251 . . . 187 Hover . | . . . . . . . . . . . . . . . . . . . . . . . . . . . . . . . . . . . . Flight 1776 | . . . . . . . . . 42 1118 272 . . . . . . . . . . . . . . . . . . . . . 344 . . Fastest Speed 42 | 50 160 160 160 160 120 135 135 140 50 50 50 115 115 115 145 123 123 130 130 130 120 116 116 116 116 116 123 123 123 123 110 180 42 180 135 Average Speed 134 | 146 160 160 169 188 154 135 140 140 103 52 78 119 124 139 159 130 129 130 130 130 124 123 116 116 116 117 123 123 123 123 126 180 69 196 224 Slowest Speed 332 | 160 160 160 240 240 240 135 150 140 190 150 305 130 145 160 160 160 160 130 130 130 130 130 116 116 116 123 123 123 260 123 270 180 180 270 332 Overloaded Moves . | . . . . . . . . . . . . . . . . . . . . . . . . . . . . . . . . . . . . Propulsion Burnouts . | . . . . . . . . . . . . . . . . . . . . . . . . . . . . . . . . . . . . Robots Hopped 3 | . . . . . . . . . . 2 . . . 1 . . . . . . . . . . . . . . . . . . . . . Potential Cave-ins 5 | . . . . . . . . . 5 . . . . . . . . . . . . . . . . . . . . . . . . . . Cave-ins Triggered 2 | . . . . . . . . . 2 . . . . . . . . . . . . . . . . . . . . . . . . . . Exploration Rate (%) 52 | 3 45 29 19 94 70 86 23 30 70 30 51 68 85 91 83 28 68 85 69 75 8 62 69 83 11 15 65 50 60 46 46 42 92 37 16 Regions Visited 35 Branch Regions 23 Pre-discovered Areas 10 | . . . . 1 1 . . . . . . . 2 . . . 1 . 1 1 . . . . . . . . 3 . . . . . . Known Exits Taken 8 | . 1 . 1 . . . . . . . . . . . 1 1 . . . 1 1 . . . . 1 . . . . . . 1 . . Unknown Exits Taken 25 | 1 . 1 . 1 1 1 1 . . 1 1 1 1 1 . . 1 1 1 . . 1 1 1 1 . 1 1 1 1 1 1 . 1 . Scrap Searched 37 | . . 1 . 3 . 2 . . . . 2 5 4 . 3 . 5 5 . 3 . . . . . . 1 2 . 1 . . . . . Spaces Dug 135 | . . . . . . . . 2 7 24 19 20 . 4 . 9 8 4 . . 2 . . . . 2 . . . . 9 1 21 1 2 Terrain Destroyed 303 | . . . 4 31 . 1 . 27 15 24 19 66 . 36 . 9 8 4 . 1 2 . 19 . . 2 . . . . 9 2 21 1 2 Melee 84 | . . . . . . . . 2 1 22 . 1 . 4 . 8 8 4 . . 2 . . . . 2 . . . . 8 . 21 1 . Projectile 56 | . . . 4 . . 1 . 25 14 2 . 1 . 2 . 1 . . . 1 . . . . . . . . . . 1 2 . . 2 AOE 163 | . . . . 31 . . . . . . 19 64 . 30 . . . . . . . . 19 . . . . . . . . . . . . Terrain Rammed . | . . . . . . . . . . . . . . . . . . . . . . . . . . . . . . . . . . . . Walls Destroyed . | . . . . . . . . . . . . . . . . . . . . . . . . . . . . . . . . . . . . Machines Disabled . | . . . . . . . . . . . . . . . . . . . . . . . . . . . . . . . . . . . . Actions | -11 -10 -10 -9 -9 -9 -8 -8 -7 -7 -7 -7 -7 -7 -7 -6 -6 -6 -6 -6 -5 -5 -5 -5 -5 -5 -4 -4 -4 -4 -3 -3 -3 -3 -2 -1 --------- Run | Yrd Mat Min Mat Min Exi Min Mat Fac Was Fac Low Low Zio Dee Pro Fac Low Low Dat Pro Fac Ext Cet Arc Hub Fac Upp Upp Zhi Pro Res Arm Lab Res Acc Total 27081 | 63 427 191 393 581 383 427 322 994 172 1305 560 541 1120 6619 622 1604 731 653 99 685 259 581 315 360 118 909 421 391 161 318 1490 523 1033 979 731 Wait 5369 | . 7 14 40 7 8 19 48 44 59 101 54 20 4 2538 24 289 84 12 13 82 62 126 99 144 78 322 58 38 . 21 181 64 492 141 76 Move 20230 | 47 392 163 272 558 369 391 249 875 96 1113 470 495 1101 3692 586 1239 628 573 86 595 191 439 195 187 39 566 361 350 143 297 1262 423 425 793 569 Hop 3 | . . . . . . . . . . 2 . . . 1 . . . . . . . . . . . . . . . . . . . . . Pick Up 144 | 5 8 4 14 3 1 2 8 5 . 6 3 1 5 31 . 11 1 . . . . 1 . 1 . 2 . 1 1 . 1 2 16 4 7 Fast Attach 120 | 6 1 . 1 . . . . 1 . 10 4 1 . 19 2 6 3 1 . . 1 1 4 5 . 3 . . 9 . 13 7 14 1 7 Attach 95 | 1 1 . 6 1 . . 2 4 2 5 5 . 2 47 . 2 1 . . . . 1 . 1 . . . . 1 . 1 1 7 1 3 Detach 81 | . 2 1 2 . . . . 2 1 7 4 . . 44 . 1 . 1 . . . . . 2 . 1 . . . . . . 11 . 2 Swap 141 | . 2 . 6 4 4 2 3 6 1 . 3 12 4 20 . 12 1 3 . 6 2 4 2 4 1 4 2 . . . 5 3 8 10 7 Drop 208 | . 6 . 7 2 1 3 8 6 . 16 4 1 3 58 2 12 3 2 . . . . 2 4 . 2 . 1 7 . 15 10 28 3 2 Fire 242 | 4 8 6 44 4 . 9 4 21 12 9 3 10 . 43 . 1 . 1 . 1 1 . 5 . . . . . . . 1 5 5 2 43 Melee 245 | . . . . . . . . 4 1 33 6 1 1 83 . 22 10 5 . . 2 1 8 11 . 8 . 1 . . 10 . 27 10 1 Ram 1 | . . . . . . 1 . . . . . . . . . . . . . . . . . . . . . . . . . . . . . Kick . | . . . . . . . . . . . . . . . . . . . . . . . . . . . . . . . . . . . . Crush 8 | . . . 1 2 . . . . . . . . . . . . . . . . . . . . . . . . . . . . . 5 . Escape Stasis 48 | . . . . . . . . 26 . . . . . . . 8 . . . . . 8 . . . . . . . . . . . . 6 Rewire 74 | . . 3 . . . . . . . . . . . . 8 . . 55 . . . . . . . . . . . . . 6 . 2 . Trap 17 | . . . . . . . . . . . . . . 17 . . . . . . . . . . . . . . . . . . . . . Miscellaneous 55 | . . . . . . . . . . 3 4 . . 26 . 1 . . . 1 . . . 1 . 1 . . . . 1 2 . 7 8 Route ------- -11/Scrapyard -10/Materials (discovered 4 exits: *Mat / *Min x2 / [*Sub]) -10/Mines -9/Materials (discovered 2 exits: *Min x2) -9/Mines (discovered 4 exits: *Mat x2 / *Exi / *Zio) -9/Exiles -8/Mines (discovered 2 exits: *Mat x2) -8/Materials -7/Factory (discovered 2 exits: *Fac x2) -7/Waste -7/Factory (discovered 3 exits: *Fac x2 / [*Low]) -7/Lower Caves -7/Lower Caves (discovered 2 exits: *Fac / *Zio) -7/Zion (discovered 2 exits: [*Dee] / [*Pro]) -7/Deep Caves -6/Proximity Caves -6/Factory (discovered 6 exits: Fac x4 / *Low x2) -6/Lower Caves -6/Lower Caves (discovered 2 exits: *Fac / *Dat) -6/Data Miner -5/Proximity Caves -5/Factory (discovered 2 exits: Upp / *Ext) -5/Extension (discovered 3 exits: *Fac x2 / *Cet) -5/Cetus (discovered 2 exits: *Fac / [*Arc]) -5/Archives (discovered 3 exits: *Fac / *Hub x2) -5/Hub_04(d) -4/Factory (discovered 2 exits: *Upp x2) -4/Upper Caves -4/Upper Caves -4/Zhirov -3/Proximity Caves -3/Research (discovered 5 exits: *Res x3 / [*Arm] / *Qua) -3/Armory (discovered 2 exits: *Res / [*Lab]) -3/Lab -2/Research -1/Access To Epsilon Eridani History --------- Turn | Location | Event 3 | -11/Scrapyard | Discovered new exit (range 16) 96 | -11/Scrapyard | Entered Materials 205 | -10/Materials | Discovered new exit (range 2) 214 | -10/Materials | Identified exit to Mines 310 | -10/Materials | Build established: Mutant 321 | -10/Materials | Discovered new exit (range 9) 517 | -10/Materials | Discovered new exit (range 10) 771 | -10/Materials | Entered Mines 778 | -10/Mines | Learned location of 1 exit from Materials 848 | -10/Mines | Learned Materials emergency access door positions 925 | -10/Mines | Discovered new exit (range 8) 981 | -10/Mines | Assembled infested the area 986 | -10/Mines | Assisted by a Guerilla fighting off Assembled 1072 | -10/Mines | Entered Materials 1072 | -9/Materials | Evolved 2 slots: Propulsion x1, Utility x1 1073 | -9/Materials | Identified exit to Mines 1634 | -9/Materials | Discovered exit to Mines (range 8) 1740 | -9/Materials | Entered Mines 1881 | -9/Mines | Learned Materials stockpile data 1895 | -9/Mines | A Derelict revealed a hidden shortcut to a safe place 1915 | -9/Mines | Learned location of Recycling (-9) 1977 | -9/Mines | Deemed a non-threat by the Exiles lab entrance 2219 | -9/Mines | Received a Rocket Launcher from a helpful Derelict 2411 | -9/Mines | Discovered new exit (range 12) 2470 | -9/Mines | Assisted by bots powering up and referring to "LRC-V3" 2556 | -9/Mines | Discovered new exit (range 12) 2576 | -9/Mines | Received a Mining Laser from a helpful Derelict 2806 | -9/Mines | Discovered new exit (range 5) 2821 | -9/Mines | Entered Exiles 2821 | -9/Exiles | Accompanied by 4 allies 2879 | -9/Exiles | Met 8R-AWN 2920 | -9/Exiles | Met EX-HEX 3063 | -9/Exiles | Met EX-DEC 3109 | -9/Exiles | Discovered new exit (range 11) 3191 | -9/Exiles | Learned location of Zion (-7) 3216 | -9/Exiles | Met EX-BIN 3237 | -9/Exiles | Aligned with FarCom system 3238 | -9/Exiles | Given EX-Vault access code 3270 | -9/Exiles | Opened EX-Vault 3280 | -9/Exiles | Found Flying Fortress v7 3309 | -9/Exiles | Warned to stay clear of 0b10 Research branches 3408 | -9/Exiles | Left Exiles lab with Flying Fortress v7 3408 | -9/Exiles | Entered Mines 3408 | -8/Mines | Accompanied by 3 allies 3848 | -8/Mines | Discovered new exit (range 13) 3973 | -8/Mines | Discovered new exit (range 10) 3990 | -8/Mines | Entered Materials 3990 | -8/Materials | Accompanied by 2 allies 3990 | -8/Materials | Evolved 2 slots: Propulsion x1, Weapon x1 4149 | -8/Materials | Met 7R-MNS 4341 | -8/Materials | Build established: Skirmisher 4384 | -8/Materials | Discovered new exit (range 16) 4416 | -8/Materials | Entered Factory 4416 | -7/Factory | Accompanied by 1 ally 4416 | -7/Factory | Evolved 2 slots: Weapon x2 4417 | -7/Factory | Caught up to 7R-MNS 4423 | -7/Factory | Found Prototype Special Melee Weapon 4761 | -7/Factory | Discovered new exit (range 9) 4833 | -7/Factory | Identified exit to Factory 5600 | -7/Factory | Discovered exit to Factory (range 6) 5807 | -7/Factory | Sucked down chute 5807 | -7/Factory | Entered Waste 5822 | -7/Waste | EMP discharged 5822 | -7/Waste | System corruption reached 10% 5828 | -7/Waste | Spotted C-40 Crusher 5845 | -7/Waste | Spotted C-40 Crusher 5857 | -7/Waste | Spotted C-40 Crusher 5892 | -7/Waste | Spotted C-40 Crusher 5922 | -7/Waste | EMP discharged 5925 | -7/Waste | Crushed by Compactor (1 part destroyed, 1 dropped) 5930 | -7/Waste | Spotted C-40 Crusher 5964 | -7/Waste | Crushed by falling debris 5968 | -7/Waste | Crushed by falling debris 5968 | -7/Waste | Crushed by Compactor (1 part destroyed, 2 dropped) 5971 | -7/Waste | Crushed by Compactor (1 part destroyed, 1 dropped) 5977 | -7/Waste | Spotted C-40 Crusher 6002 | -7/Waste | Lost 5 parts (1n1u3w) 6003 | -7/Waste | Discovered new exit (range 12) 6009 | -7/Waste | Entered Factory 6240 | -7/Factory | Discovered exit to Factory (range 13) 6263 | -7/Factory | Build established: Mutant 6439 | -7/Factory | Identified 1B-0RG's Assimilator 6440 | -7/Factory | Assimilating Hacker 4a into Collective. 6495 | -7/Factory | Assimilating Virus 4a into Collective. 6691 | -7/Factory | Assimilating Hacker 4b into Collective. 6775 | -7/Factory | Discovered exit to Factory (range 15) 6842 | -7/Factory | Discovered new exit (range 8) 6851 | -7/Factory | Entered Lower Caves 6851 | -7/Lower Caves | Accompanied by 2 allies 6860 | -7/Lower Caves | Assimilating FB-PUB(S) into Collective. 6966 | -7/Lower Caves | Attracted the attention of an 0b10 outpost 7048 | -7/Lower Caves | Found DCF Scrap (13 items) 7095 | -7/Lower Caves | Encountered a Warlord checkpoint 7106 | -7/Lower Caves | Assimilating F6-D5U(M) into Collective. 7173 | -7/Lower Caves | Discovered new exit (range 14) 7326 | -7/Lower Caves | Entered another Lower Caves area 7326 | -7/Lower Caves | Accompanied by 1 ally 7439 | -7/Lower Caves | Discovered exit to Factory (range 13) 7957 | -7/Lower Caves | Discovered new exit (range 3) 7982 | -7/Lower Caves | Entered Zion 7982 | -7/Zion | Accompanied by 1 ally 8019 | -7/Zion | Discovered new exit (range 15) 8027 | -7/Zion | Found CR-A16's Pointy Stick 8116 | -7/Zion | System corruption cleaned by Quarantine Array 8164 | -7/Zion | Found Prototype Device 8172 | -7/Zion | Identified Mobile Refinery Mk. CCLXVII 8277 | -7/Zion | Given A8's code to call for help 8310 | -7/Zion | Learned Factory recycling unit intel 8398 | -7/Zion | Learned location of Data Miner (-6) 8405 | -7/Zion | Loaded intel: 5 derelict terminal locations 8505 | -7/Zion | Acquired unknown access codes intercepted by a Zionite 8552 | -7/Zion | Given the Hacking Drone Bay 8669 | -7/Zion | Learned location of Armory (-3) 8866 | -7/Zion | Opened final containment barrier to the Deep Caves 8957 | -7/Zion | Found Prototype Device 9064 | -7/Zion | Found Prototype Device 9065 | -7/Zion | Identified Hacking Drone Bay 9280 | -7/Zion | Rebuked by Imprinter 9348 | -7/Zion | Enhanced Grunt warped into view, answering call for help 9355 | -7/Zion | Discovered new exit (range 5) 9358 | -7/Zion | Enhanced Grunt warped into view, answering call for help 9358 | -7/Zion | Saw the warning signs outside the Deep Caves entrance 9369 | -7/Zion | Entered Deep Caves 9369 | -7/Deep Caves | Accompanied by 3 allies 9378 | -7/Deep Caves | Assimilating Enhanced Grunt into Collective. 9394 | -7/Deep Caves | Assimilating Enhanced Grunt into Collective. 9512 | -7/Deep Caves | Identified Bomb Factory No. 2 10103 | -7/Deep Caves | Allies destroyed Z-Imprinter 10343 | -7/Deep Caves | Z-Facility disabled 10390 | -7/Deep Caves | Lost 3 allies 10623 | -7/Deep Caves | Found Prototype Protection 10623 | -7/Deep Caves | Identified Zio. Weapon Casing 10939 | -7/Deep Caves | Discovered new exit (range 7) 11387 | -7/Deep Caves | Core integrity fell below 50% 11640 | -7/Deep Caves | Spotted AG-22086 11648 | -7/Deep Caves | Destroyed AG-22086 11788 | -7/Deep Caves | Found Zio. Weapon Casing 12025 | -7/Deep Caves | Exposed GOLEM chamber 12026 | -7/Deep Caves | Triggered Deep Caves wall 12027 | -7/Deep Caves | Spotted AS-58786 12041 | -7/Deep Caves | Destroyed AS-58786 12041 | -7/Deep Caves | Destroyed AS-13116 12071 | -7/Deep Caves | Destroyed 35 combat bots 12139 | -7/Deep Caves | Assimilating AG-16884 into Collective. 12395 | -7/Deep Caves | Assimilating AG-11893 into Collective. 12398 | -7/Deep Caves | Assimilating AG-60733 into Collective. 12403 | -7/Deep Caves | Assimilating AG-62666 into Collective. 12574 | -7/Deep Caves | Assimilating AG-65928 into Collective. 12837 | -7/Deep Caves | Found GOLEM Unit 12924 | -7/Deep Caves | Assimilating AG-90576 into Collective. 13041 | -7/Deep Caves | Build established: Derelict-Mutant 13479 | -7/Deep Caves | Build established: Mutant 13499 | -7/Deep Caves | Destroyed Borg AG-60733 13546 | -7/Deep Caves | Destroyed Borg AG-16884 13563 | -7/Deep Caves | Destroyed Borg AG-90576 13630 | -7/Deep Caves | Destroyed Borg AG-65928 13652 | -7/Deep Caves | Destroyed Borg AG-62666 13745 | -7/Deep Caves | Assimilating AG-87770 into Collective. 13851 | -7/Deep Caves | Build established: Derelict-Mutant 13942 | -7/Deep Caves | Assimilating AG-06910 into Collective. 14010 | -7/Deep Caves | Found GOLEM Unit 14091 | -7/Deep Caves | Assimilating AG-21180 into Collective. 14364 | -7/Deep Caves | Assimilating AG-55667 into Collective. 14409 | -7/Deep Caves | Assimilating AG-83919 into Collective. 14631 | -7/Deep Caves | Assimilating AG-55168 into Collective. 14842 | -7/Deep Caves | Assimilating AG-11747 into Collective. 15009 | -7/Deep Caves | Found GOLEM Unit 15015 | -7/Deep Caves | Found GOLEM Unit 15145 | -7/Deep Caves | Assimilating AG-67359 into Collective. 15191 | -7/Deep Caves | Assimilating AG-84406 into Collective. 15376 | -7/Deep Caves | Assimilating AG-09006 into Collective. 15640 | -7/Deep Caves | Assimilating AG-20078 into Collective. 15703 | -7/Deep Caves | Found GOLEM Unit 15708 | -7/Deep Caves | Found GOLEM Unit 15979 | -7/Deep Caves | Assimilating AG-74460 into Collective. 16688 | -7/Deep Caves | Found GOLEM Unit 16693 | -7/Deep Caves | Found GOLEM Unit 16721 | -7/Deep Caves | Found Gui. Plasma Cannon 16817 | -7/Deep Caves | Build established: Mutant 17629 | -7/Deep Caves | Entered Proximity Caves 17629 | -6/Proximity Caves | Accompanied by 6 allies 17768 | -6/Proximity Caves | Attracted the attention of an 0b10 checkpoint 18162 | -6/Proximity Caves | Learned location of 1 exit from Factory 18289 | -6/Proximity Caves | Attracted the attention of an 0b10 outpost 18521 | -6/Proximity Caves | Discovered exit to Factory (range 7) 18602 | -6/Proximity Caves | Entered Factory 18602 | -6/Factory | Accompanied by 7 allies 18602 | -6/Factory | Evolved 2 slots: Utility x1, Weapon x1 18603 | -6/Factory | Identified exit to Lower Caves 18604 | -6/Factory | Identified exit to Factory 18605 | -6/Factory | Loaded intel: 8 recycling unit locations 20352 | -6/Factory | First assault squad dispatched 20366 | -6/Factory | Assimilating Sage 5a into Collective. 20625 | -6/Factory | Entered Lower Caves 20625 | -6/Lower Caves | Accompanied by 7 allies 20836 | -6/Lower Caves | Spotted B-75 Beast 20856 | -6/Lower Caves | Allies destroyed B-75 Beast 20919 | -6/Lower Caves | Found Alien Artifact 20919 | -6/Lower Caves | Identified Core Expander 20919 | -6/Lower Caves | Installed Core Expander, added new Utility slot 21147 | -6/Lower Caves | Attracted the attention of an 0b10 checkpoint 21403 | -6/Lower Caves | Discovered new exit (range 14) 21560 | -6/Lower Caves | Entered another Lower Caves area 21560 | -6/Lower Caves | Accompanied by 6 allies 21560 | -6/Lower Caves | Discovered exit to Factory (range 8) 22029 | -6/Lower Caves | Learned location of 1 exit from Factory 22030 | -6/Lower Caves | Encountered a Warlord checkpoint 22235 | -6/Lower Caves | Discovered new exit (range 12) 22397 | -6/Lower Caves | Entered Data Miner 22397 | -6/Data Miner | Accompanied by 10 allies 22397 | -6/Data Miner | Discovered new exit (range 6) 22440 | -6/Data Miner | Met Data Miner 22464 | -6/Data Miner | Learned location of Section 7 (-3) 22464 | -6/Data Miner | Acquired the access code to Warlord's prototype stash 22485 | -6/Data Miner | Received God Mode back door access code from Data Miner 22522 | -6/Data Miner | Entered Proximity Caves 22522 | -5/Proximity Caves | Accompanied by 10 allies 22525 | -5/Proximity Caves | Spotter reported a threat 22757 | -5/Proximity Caves | Assimilating Sage 6a into Collective. 22839 | -5/Proximity Caves | Spotted B-75 Beast 22859 | -5/Proximity Caves | Allies destroyed B-75 Beast 23066 | -5/Proximity Caves | Learned Extension terminal intel 23255 | -5/Proximity Caves | Discovered exit to Factory (range 12) 23270 | -5/Proximity Caves | Learned Factory stockpile data 23390 | -5/Proximity Caves | Entered Factory 23390 | -5/Factory | Accompanied by 7 allies 23390 | -5/Factory | Evolved 2 slots: Propulsion x1, Utility x1 23391 | -5/Factory | Identified exit to Upper Caves 23392 | -5/Factory | Identified exit to Extension 23703 | -5/Factory | Entered Extension 23703 | -5/Extension | Accompanied by 6 allies 23704 | -5/Extension | Loaded intel: 16 terminal locations 23821 | -5/Extension | Spotted B-75 Beast 23821 | -5/Extension | Allies destroyed B-75 Beast 23854 | -5/Extension | Discovered new exit (range 18) 23854 | -5/Extension | Spotted B-75 Beast 23856 | -5/Extension | Allies destroyed B-75 Beast 23891 | -5/Extension | Rescued a captive Derelict 23893 | -5/Extension | Rescued a captive Derelict 23918 | -5/Extension | Rescued a captive Derelict 23918 | -5/Extension | Rescued a captive Derelict 23999 | -5/Extension | Rescued A7 24012 | -5/Extension | Rescued a captive Derelict 24012 | -5/Extension | Rescued a captive Derelict 24138 | -5/Extension | Rescued a captive Derelict 24139 | -5/Extension | Rescued a captive Derelict 24296 | -5/Extension | Discovered new exit (range 15) 24297 | -5/Extension | Discovered new exit (range 15) 24390 | -5/Extension | Entered Cetus 24390 | -5/Cetus | Accompanied by 14 allies (A7) 24395 | -5/Cetus | Acquired a Cetus Manufacturing Module code from A7 24418 | -5/Cetus | Spotted Cetus Guard 24422 | -5/Cetus | Spotted Cetus Guard 24422 | -5/Cetus | Spotted Cetus Guard 24422 | -5/Cetus | Spotted Cetus Guard 24423 | -5/Cetus | Allies destroyed Cetus Guard 24426 | -5/Cetus | Allies destroyed Cetus Guard 24430 | -5/Cetus | Allies destroyed Cetus Guard 24435 | -5/Cetus | Allies destroyed Cetus Guard 24474 | -5/Cetus | Started Cetus Manufacturing Module 24488 | -5/Cetus | Discovered new exit (range 16) 24499 | -5/Cetus | Manufactured an Enhanced Grunt 24517 | -5/Cetus | Spotted Cetus Guard 24518 | -5/Cetus | Spotted Cetus Guard 24521 | -5/Cetus | Spotted Cetus Guard 24522 | -5/Cetus | Spotted Cetus Guard 24524 | -5/Cetus | Manufactured an Enhanced Grunt 24529 | -5/Cetus | Allies destroyed Cetus Guard 24534 | -5/Cetus | Allies destroyed Cetus Guard 24540 | -5/Cetus | Allies destroyed Cetus Guard 24546 | -5/Cetus | Allies destroyed Cetus Guard 24548 | -5/Cetus | Discovered new exit (range 16) 24549 | -5/Cetus | Manufactured an Enhanced Grunt 24557 | -5/Cetus | Met Revision 17 24574 | -5/Cetus | Manufactured an Enhanced Grunt 24599 | -5/Cetus | Manufactured an Enhanced Grunt 24635 | -5/Cetus | Build established: Scavenger-Mutant 24724 | -5/Cetus | Murdered A7 24728 | -5/Cetus | Extracted ID and sensor layout for unrecognized location from A7's data core 24760 | -5/Cetus | Entered Archives 24760 | -5/Archives | Accompanied by 16 allies 24824 | -5/Archives | Discovered new exit (range 13) 24851 | -5/Archives | Discovered new exit (range 16) 25045 | -5/Archives | Assimilating Director 6a into Collective. 25110 | -5/Archives | Discovered new exit (range 14) 25166 | -5/Archives | Entered Hub_04(d) 25166 | -5/Hub_04(d) | Accompanied by 16 allies 25195 | -5/Hub_04(d) | Garrison activated, responded to threat 25216 | -5/Hub_04(d) | Discovered new exit (range 5) 25229 | -5/Hub_04(d) | Lost 3 allies 25291 | -5/Hub_04(d) | Entered Factory 25291 | -4/Factory | Accompanied by 13 allies 25291 | -4/Factory | Evolved 2 slots: Propulsion x1, Utility x1 25415 | -4/Factory | Build established: Commander-Mutant 25481 | -4/Factory | Identified exit to Upper Caves 26186 | -4/Factory | Assimilating Sage 7a into Collective. 26314 | -4/Factory | Entered Upper Caves 26314 | -4/Upper Caves | Accompanied by 12 allies 26458 | -4/Upper Caves | Attracted the attention of an 0b10 checkpoint 26711 | -4/Upper Caves | Learned 8 Research zone layouts 26766 | -4/Upper Caves | Discovered new exit (range 14) 26820 | -4/Upper Caves | Entered another Upper Caves area 26820 | -4/Upper Caves | Accompanied by 11 allies 27065 | -4/Upper Caves | Discovered new exit (range 16) 27293 | -4/Upper Caves | Entered Zhirov 27293 | -4/Zhirov | Accompanied by 11 allies 27293 | -4/Zhirov | Discovered new exit (range 3) 27316 | -4/Zhirov | Met Zhirov 27339 | -4/Zhirov | Learned location of Quarantine (-3) 27339 | -4/Zhirov | Learned location of Testing (-2) 27339 | -4/Zhirov | Learned location of Command (-1) 27350 | -4/Zhirov | Zhirov requested help retrieving the SGEMP Prototype 27376 | -4/Zhirov | Found Alien Artifact 27376 | -4/Zhirov | Identified Integrated Reactor 27376 | -4/Zhirov | Installed Integrated Reactor, increased core energy generation (+10) 27443 | -4/Zhirov | Found Alien Artifact 27490 | -4/Zhirov | Entered Proximity Caves 27490 | -3/Proximity Caves | Accompanied by 11 allies 27671 | -3/Proximity Caves | Spotted B-86 Titan 27698 | -3/Proximity Caves | Allies destroyed B-86 Titan 27793 | -3/Proximity Caves | Discovered new exit (range 5) 27877 | -3/Proximity Caves | Entered Research 27877 | -3/Research | Accompanied by 9 allies 27877 | -3/Research | Evolved 2 slots: Power x1, Utility x1 27909 | -3/Research | Identified exit to Research 28004 | -3/Research | Build established: Scavenger-Mutant 28076 | -3/Research | Spotted B-86 Titan 28077 | -3/Research | Revision forces began assault on 0b10 28095 | -3/Research | Allies destroyed B-86 Titan 28098 | -3/Research | Assimilating Master 8a into Collective. 28126 | -3/Research | Met up with Revision 17++ 28533 | -3/Research | Discovered new exit (range 14) 28558 | -3/Research | Identified exit to Quarantine 28577 | -3/Research | Research terminal network offline 28795 | -3/Research | Spotted Striker 28820 | -3/Research | Lost 3 allies 28865 | -3/Research | Spotted Striker 28870 | -3/Research | Allies destroyed Striker 28978 | -3/Research | Spotted Striker 29043 | -3/Research | Lost 6 allies 29638 | -3/Research | Discovered new exit (range 11) 29728 | -3/Research | Entered Armory 29728 | -3/Armory | Accompanied by 6 allies 29729 | -3/Armory | Met VL-GR5, who suggested a friendly competition 29921 | -3/Armory | Discovered exit to Research (range 18) 29976 | -3/Armory | Build established: Mutant 29978 | -3/Armory | First assault squad dispatched 30044 | -3/Armory | Found Prototype Device 30044 | -3/Armory | Identified Exp. EM Disruption Field 30114 | -3/Armory | Lost the competition with VL-GR5 30167 | -3/Armory | Attached CPS modules to Borg AG-11893. 30178 | -3/Armory | Attacked by VL-GR5 30186 | -3/Armory | VL-GR5 did not survive their latest romp through Armory 30186 | -3/Armory | Allies destroyed VL-GR5 30194 | -3/Armory | Found Prototype Processor 30319 | -3/Armory | Spotted Armor Guard 30324 | -3/Armory | Spotted Armor Guard 30339 | -3/Armory | Allies destroyed Armor Guard 30344 | -3/Armory | Allies destroyed Armor Guard 30435 | -3/Armory | Assimilating Master 8b into Collective. 30506 | -3/Armory | Discovered new exit (range 10) 30594 | -3/Armory | Entered Lab 30594 | -3/Lab | Accompanied by 9 allies 30595 | -3/Lab | Discovered exit to Research (range 10) 30644 | -3/Lab | Build established: Scavenger-Mutant 30725 | -3/Lab | Hidden lab's door opened automatically 30725 | -3/Lab | Sensor layout match revealed 30726 | -3/Lab | Gained access to the hidden lab's interior 30751 | -3/Lab | Found Alien Artifact 30753 | -3/Lab | Found Alien Artifact 30753 | -3/Lab | Identified Integrated Mediator 30753 | -3/Lab | Installed Integrated Mediator, increased core attachment efficiency 30761 | -3/Lab | Found Alien Artifact 30770 | -3/Lab | Found Alien Artifact 30787 | -3/Lab | Found Prototype Special Weapon 30935 | -3/Lab | Found Prototype Energy Gun 30935 | -3/Lab | Identified Hyp. EM Gauss Rifle 30985 | -3/Lab | Build established: Mutant 31050 | -3/Lab | Found Prototype Energy Cannon 31052 | -3/Lab | Found Prototype Protection 31080 | -3/Lab | Found Prototype Hackware 31363 | -3/Lab | Identified Med. Regenerative Plating 31428 | -3/Lab | Identified Warp Cannon 31433 | -3/Lab | Identified Exp. Targeting Computer 31435 | -3/Lab | Identified Quantum Router 31547 | -3/Lab | Entered Research 31547 | -2/Research | Accompanied by 6 allies 31547 | -2/Research | Evolved 2 slots: Power x1, Utility x1 31647 | -2/Research | Build established: Hacker-Mutant 32038 | -2/Research | Assimilating Master 9a into Collective. 32097 | -2/Research | Assimilating AG-45526 into Collective. 32428 | -2/Research | Spotted B-90 Cyclops 32547 | -2/Research | First assault squad dispatched 32556 | -2/Research | Assimilating AG-69329 into Collective. 32561 | -2/Research | Destroyed B-90 Cyclops 32570 | -2/Research | Lost 4 allies 32586 | -2/Research | Allies destroyed B-90 Cyclops 32648 | -2/Research | Assimilating Master 9b into Collective. 32774 | -2/Research | Assimilating AG-93847 into Collective. 33074 | -2/Research | Assimilating Artificer 9a into Collective. 33279 | -2/Research | Discovered new exit (range 13) 33303 | -2/Research | Garrison activated, responded to threat 33323 | -2/Research | Entered Access 33323 | -1/Access | Accompanied by 5 allies 33323 | -1/Access | Evolved 2 slots: Power x1, Utility x1 33484 | -1/Access | Unchained authorized (QV-33N) 33520 | -1/Access | Assimilating Conveyor 10a into Collective. 33573 | -1/Access | First assault squad dispatched 33622 | -1/Access | High security lockdown imminent 33627 | -1/Access | Build established: Generator-Mutant 33702 | -1/Access | High security lockdown engaged 33750 | -1/Access | Assimilating Serf 10a into Collective. 33754 | -1/Access | Allies destroyed B-99 Colossus 33833 | -1/Access | Allies destroyed Investigator 33844 | -1/Access | Assimilating Master 10a into Collective. 33854 | -1/Access | Garrison activated, responded to threat 34050 | -1/Access | Spotted Investigator 34062 | -1/Access | Allies destroyed Investigator 34132 | -1/Access | Spotted Striker 34132 | -1/Access | Spotted Executioner 34136 | -1/Access | Destroyed Executioner 34137 | -1/Access | Allies destroyed Striker 34183 | -1/Access | Allies destroyed Striker 34187 | -1/Access | Allies destroyed Executioner 34201 | -1/Access | Assimilating AG-44901 into Collective. 34250 | -1/Access | Spotted Striker 34253 | -1/Access | Spotted Striker 34253 | -1/Access | Spotted Striker 34263 | -1/Access | Allies destroyed Striker 34264 | -1/Access | Spotted Executioner 34266 | -1/Access | Allies destroyed Executioner 34267 | -1/Access | Allies destroyed Striker 34269 | -1/Access | Allies destroyed Striker 34307 | -1/Access | Sterilization system engaged 34325 | -1/Access | Spotted Striker 34330 | -1/Access | Spotted Striker 34336 | -1/Access | Allies destroyed Striker 34340 | -1/Access | Allies destroyed Striker 34377 | -1/Access | Spotted Striker 34391 | -1/Access | Destroyed Striker 34439 | -1/Access | Assimilating Conveyor 10b into Collective. 34607 | -1/Access | Ambient heat levels rising (+10) 34636 | -1/Access | Assimilating Artificer 10a into Collective. 34731 | -1/Access | Energy Cycler disabled 34731 | -1/Access | Spotted B-99 Colossus 34757 | -1/Access | Ambient heat levels rising (+10) 34764 | -1/Access | Allies destroyed B-99 Colossus 34771 | -1/Access | Spotted B-99 Colossus 34786 | -1/Access | Destroyed B-99 Colossus 34805 | -1/Access | Discovered new exit (range 4) 34816 | *** | Escaped! Last Messages --------------- 34779_ Slug penetrates Earth. 34783_ Borg Artificer 10a knocked back. 34783_ Borg Artificer 10a destroyed. 34783_ Slug penetrates Earth. 34783_ Slug penetrates Reinforced Barrier. 34783_ Slug penetrates Earth. 34786_ B-99 Colossus activates siege mode. 34786_ Com. Wheel+ destroyed. 34786_ Penetrated by Slug. 34786_ Slug penetrates Sealed Heavy Doors. 34786_ B-99 Colossus suffers critical hit (Meltdown). 34786_ Adv. Coolant Injector melted. 34786_ Adv. Cooling System melted. 34786_ Imp. Dynamic Insulation System melted. 34786_ Imp. Core Shielding melted. Adv. Force Field melts. Adv. Cooling System melts. 34788_ Sealed Heavy Doors breached. 34805_ Main Access Shell breached. 34805_ EXIT=FOUND Map ----- +----------------------------------------------------+ | ????????????????????????????## # % + % | | ???????????????????????##???#" # " ### | | ??????????????????????##"####" % # """" #?? | | ?????????????????????## % # """"" #?? | | ?????????????????????#" # """"" #?? | | ?????????????????????#" * + """" #?? | | ?????????????????????## !% # ^ " #?? | | ????????????????????### ] # #?? | | ????????????????????# # # #?? | | ???????????????????###" "###"# # = ^ #?? | | ???????????????????# % ### # #?? | | ???????????????????# #?? ##+###########?? | | ???????????????????# % #?? ??????????????? | | ???????????????????# % ]!! #?? ??????????????? | | ???????????????????# !%*[#?? ?????????????? | | ???????????????????# *=! #?? ?????????????? | | ???????????????????# %#??++#+????????????? | | ???????????????????#""""""" ""#??????????????????? | | ????????????????????????"" ""????????????????????? | | ????????????????????????" ""?????????????????????? | | ???????????????????#""""" """"#??????????????????? | | ???????????????????# #??????????????????? | | ???????????????????# """G"" #??????????????????? | | ??????????????????????"G G" #??????????????????? | | ??????????????????????" "" " #??????????????????? | | ??????????????????????" "@G" #??????????????????? | | ??????????????????????" " #??????????????????? | | ??????????????????????"""""" #??????????????????? | | ??????????????????????????? #??????????????????? | | ??????????????????????????? #??????????????????? | | ??????????????????????????? ??????????????????? | | ??????????????????????????? #??????????????????? | | ??????????????????????????? #??????????????????? | | ??????????????????????????? #??????????????????? | | ??????????????????????????? ???????????????????? | | ??????????????????????????? ???????????????????? | | ??????????????????????????? ???????????????????? | | ?????????????????????????????????????????????????? | | ?????????????????????????????????????????????????? | | ?????????????????????????????????????????????????? | | ?????????????????????????????????????????????????? | | ?????????????????????????????????????????????????? | | ?????????????????????????????????????????????????? | | ?????????????????????????????????????????????????? | | ?????????????????????????????????????????????????? | | ?????????????????????????????????????????????????? | | ?????????????????????????????????????????????????? | | ?????????????????????????????????????????????????? | | ?????????????????????????????????????????????????? | | ?????????????????????????????????????????????????? | +----------------------------------------------------+ Best States ------------- Heat Dissipation 114 Energy Generation 91 Energy Capacity 750 Matter Stores 800 Matter Capacity 800 Sight Range 16 Terrain Scan Density 10 Jamming Range 14 Additional Mass Support 25 Armor Coverage 675 Weapon Shielding 100 Evasion (%) 61 Targeting Accuracy 8 Recoil Reduction 6 Offensive Hacking 12 Defensive Hacking 25 Item Schematics ----------------- Imp. Titanium Leg | -7/Zion | Archive Drone Bay | -7/Zion | Archive Imp. Shield Generator | -7/Zion | Archive Thermal Shield | -7/Zion | Archive Xenon Bombardment Thruster | -7/Zion | Archive System Guard | -7/Zion | Archive Arc Projector | -7/Zion | Archive KE Penetrator | -7/Zion | Archive Disruptor Cannon | -7/Zion | Archive Imp. Medium Armor Plating | -7/Zion | Archive Phase Cannon | -7/Zion | Archive Recalibrator | -7/Zion | Archive Hvy. Flak Cannon | -7/Zion | Archive Enh. Optical Array | -7/Zion | Archive Lightning Gun | -7/Zion | Archive Combat Drone Bay | -6/Data Miner | Free Lgt. Regenerative Plating | -6/Data Miner | Free Cld. Gravmag System | -6/Data Miner | Free Adv. EM Disruption Field | -6/Data Miner | Free Tri-rail Accelerator | -6/Data Miner | Free Imp. Linear Gravjet | -6/Data Miner | Free Adv. Cryofiber Web | -6/Data Miner | Free Hvy. Gauss Cannon | -6/Data Miner | Free Imp. Remote Datajack | -6/Data Miner | Free Imp. Remote Shield | -6/Data Miner | Free Myomer Leg | -6/Data Miner | Free Mic. Antimatter Reactor | -6/Data Miner | Free Particle Reactor | -6/Data Miner | Free Assault Drone Bay | -4/Zhirov | Free Exp. Heat Sink | -4/Zhirov | Free Exp. Optical Array | -4/Zhirov | Free Imp. Arc Thrower | -4/Zhirov | Free Robot Schematics ------------------ Y-54 Guardian | -7/Zion | Archive A-02 Transporter | -7/Zion | Archive S-27 Virus | -7/Zion | Archive C-57 Dissector | -7/Zion | Archive B-60 Warrior | -6/Data Miner | Free E-15 Imp | -6/Data Miner | Free M-22 Extractor | -6/Data Miner | Free R-10 Processor | -6/Data Miner | Free Fabricated ------------ Nothing Repaired ---------- Nothing Studied --------- Imp. Light Cannon | -8/Materials | Hacked Wheel | -8/Materials | Hacked Com. Wheel | -8/Materials | Hacked Alien Tech Used ----------------- Core Expander Integrated Reactor Integrated Mediator Achievements -------------- None Challenges ------------ None Game ------ Seed ThermalTargetRailcannon Manual? 0 Play Time 04:43:01 Cumulative 943.3 hours Start 2026.01.25 @ 10:23:38 End 2026.01.25 @ 21:52:13 Sessions 9 Manual Loads 0 Difficulty Rogue Special Mode None Game No. 847 Rogue 760 Adventurer 87 Explorer 0 Win Type 0 Total 64 Types 10/8/33/2/1/1/5/1/1/2 Lore% 97 Gallery% 93 Achievement% 71 Wizard Run 0 Options --------- Layout 0 ASCII 0 Keyboard 1 Movement Numpad Keybinds 0 Fullscreen 2 Font 18/SmallcapsGlow Map View 76x50 Zoom Use 0% Tactical HUD 1 Map Filters NONE Filters NONE Steam 1 RUN: 22ec31b3-1bda-4a09-8011-4bb8ee94670e